 Dungeon Crawl Stone Soup version 0.30.0-20-g3615ddf2f0 (webtiles) character file.

Game seed: 4512939337430595019

531734 qw the Slayer (level 25, -1/195 HPs)
             Began as a Gargoyle Fighter on May 31, 2023.
             Was a High Priest of Okawaru.
             Slain by Tiamat
             ... wielding a +2 vampiric glaive
              (55 damage)
             ... on level 3 of the Realm of Zot.
             The game lasted 00:33:38 (49739 turns).

qw the Slayer (Gargoyle Fighter)                   Turns: 49739, Time: 00:33:39

Health: -1/195     AC: 66    Str: 38    XL:     25   Next: 66%
Magic:  28/30      EV: 24    Int: 11    God:    Okawaru [*****.]
Gold:   2909       SH: 28    Dex: 21    Spells: 24/24 levels left

rFire   + + .        R - +8 broad axe (vamp)
rCold   + + +        B - +1 tower shield {rPois}
rNeg    + + +        f - +7 gold dragon scales of the Little Devil {rPois rF+ rC+ Str+6 Stlth+}
rPois   inf          P - +2 hat {Will+}
rElec   +            j - +3 cloak "Udgheg Buul" {Drain rN+ Dex+6 Stlth+}
rCorr   +            c - +2 pair of gloves of Happy Babbling {*Corrode rPois rF+ rC+++}
SInv    .            x - +2 pair of boots "Forioh" {Regen+ Str+4}
Will    +++..        q - amulet of faith Stlth
                     t - ring "Coosh" {rN+ Will+ rCorr Int-2 Dex+6}
HPRegen 1.32/turn    v - +5 ring of evasion
MPRegen 0.22/turn

%: corrode self (3%), faith
@: heroic, finesse-ful, corroded, flying
A: sickness immunity, AC +19, big wings, negative energy resistance 1,
electricity resistance, torment resistance 1, petrification resistance, antennae
1, iridescent scales 1, passive freeze, robust 1
}: 3/15 runes: decaying, serpentine, silver
a: Renounce Religion, Heroism, Finesse, Duel


You were on level 3 of the Realm of Zot.
You worshipped Okawaru.
Okawaru was extremely pleased with you.
You visited 9 branches of the dungeon, and saw 44 of its levels.
You visited 1 bazaar.

You collected 5111 gold pieces.
You spent 2202 gold pieces at shops.


Innate Abilities, Weirdness & Mutations

You are immune to sickness and miasma.
Your stone body is resilient. (AC +19)
You are immune to poison.
Your large and strong wings let you fly.
You resist negative energy. (rN+)
You are resistant to electric shocks. (rElec)
You are resistant to unholy torment.
You are immune to petrification.
You have a pair of small antennae on your head.
You are partially covered in iridescent scales. (AC +2)
A frigid envelope surrounds you and freezes all who hurt you.
You are robust. (+10% HP)


   Skills:
 + Level 23.9(27) Fighting
 - Level 18.0(23.0) Axes
 - Level 13.0(18.0) Throwing
 - Level 22.1(27) Armour
 - Level 12.0(17.0) Dodging
 - Level 22.0(27) Shields
 - Level 10.0 Invocations


You had 24 spell levels left.
You didn't know any spells.
Your spell library was empty.

Inventory:

Hand Weapons
 R - a +8 vampiric broad axe (weapon)
Missiles
 b - 15 boomerangs
 G - 10 silver javelins (quivered)
 H - 15 javelins
Armour
 c - the +2 pair of gloves of Happy Babbling (worn) {*Corrode rPois rF+ rC+++}
   (You found it on level 10 of the Dungeon)

   rF:        It protects you from fire.
   rC:        It renders you almost immune to cold.
   rPois:     It protects you from poison.
   *Corrode:  It may corrode you when you take damage.
 e - +0 acid dragon scales
 f - the +7 gold dragon scales of the Little Devil (worn) {rPois rF+ rC+ Str+6 Stlth+}
   (Okawaru gifted it to you on level 1 of the Depths)

   Str:       It affects your strength (+6).
   rF:        It protects you from fire.
   rC:        It protects you from cold.
   rPois:     It protects you from poison.
   Stlth:     It makes you more stealthy.
 j - the +3 cloak "Udgheg Buul" (worn) {Drain rN+ Dex+6 Stlth+}
   (Okawaru gifted it to you on level 3 of the Snake Pit)

   Dex:       It affects your dexterity (+6).
   rN:        It protects you from negative energy.
   Drain:     It drains your maximum health when unequipped.
   Stlth:     It makes you more stealthy.
 m - a scarf of resistance
 s - the +0 hat of Idealism {rC+}
   (Okawaru gifted it to you on level 12 of the Dungeon)

   rC:        It protects you from cold.
 x - the +2 pair of boots "Forioh" (worn) {Regen+ Str+4}
   (You bought it in a shop in a bazaar)

   Str:       It affects your strength (+4).
   Regen:     It increases your rate of health regeneration.
 B - a +1 tower shield of poison resistance (worn)
 J - the +1 hat of Zouw {rF+ rCorr}
   (Okawaru gifted it to you on level 3 of the Vaults)

   rF:        It protects you from fire.
   rCorr:     It protects you from acid and corrosion.
 K - the +0 ring mail of Hide-and-Seek {rC- rCorr Slay+2 SInv}
   (You bought it in a shop on level 3 of the Vaults)

   Slay:      It affects your accuracy & damage with ranged weapons and melee
   (+2).
   rC:        It makes you vulnerable to cold.
   SInv:      It lets you see invisible.
   rCorr:     It protects you from acid and corrosion.
 P - a +2 hat of willpower (worn)
 Q - a +0 pair of gloves of strength
Jewellery
 q - an amulet of faith (around neck)
 t - the ring "Coosh" (left hand) {rN+ Will+ rCorr Int-2 Dex+6}
   (You took it off a centaur warrior on level 8 of the Dungeon)

   [ring of dexterity]

   Int:       It affects your intelligence (-2).
   Dex:       It affects your dexterity (+6).
   rN:        It protects you from negative energy.
   rCorr:     It protects you from acid and corrosion.
   Will:      It increases your willpower.
 u - a ring of protection from fire
 v - a +5 ring of evasion (right hand)
 w - the ring of Hacu {Ice Str+4}
   (You took it off a frost giant on level 5 of the Vaults)

   [ring of ice]

   It enhances your ice magic.
   Str:       It affects your strength (+4).
   rF:        It makes you vulnerable to fire.
   rC:        It protects you from cold.
 y - an amulet of regeneration
 I - a ring of resist corrosion
 M - a ring of protection from fire
 Y - a +4 ring of protection
Wands
 D - a wand of digging (30)
Scrolls
 g - 11 scrolls of identify
 h - 13 scrolls of teleportation
 p - 4 scrolls of enchant armour
 C - a scroll of brand weapon
Potions
 a - 4 potions of heal wounds
 d - 7 potions of might
 i - 2 potions of resistance
 k - 18 potions of curing
 l - 3 potions of attraction
 n - 14 potions of haste
 o - 4 potions of cancellation
 r - 10 potions of mutation
 z - 8 potions of lignification
 A - 4 potions of magic

Dungeon Overview and Level Annotations

Branches:
Dungeon (15/15)            Temple (1/1) D:7            Lair (5/5) D:11
  Swamp (4/4) Lair:2        Snake (4/4) Lair:3        Slime (0/5) Lair:4
    Orc (2/2) D:10            Elf (0/3) Orc:2        Vaults (5/5) D:14
  Crypt (0/3) Vaults:2     Depths (4/4) D:15            Zot (4/5) Depths:4

Altars:
Ashenzari
Cheibriados
Dithmenos
Elyvilon
Fedhas
Gozag
Hepliaklqana
Kikubaaqudgha
Makhleb
Nemelex Xobeh
Okawaru
Qazlal
Ru
Sif Muna
Trog
Uskayaw
Vehumet
Wu Jian
Xom
Yredelemnul
Zin
The Shining One
Jiyva
Lugonu

Shops:
D:15 *   Orc:2 (*?(   Snake:1 [[(   Snake:4 *   Vaults:1 (   Vaults:3 [
Vaults:4 [   Vaults:5 !   Depths:2 ?

Portals:
Hell: Depths:1 Depths:2 Depths:3 Depths:4
Abyss: Depths:1 Depths:2 Depths:3 Depths:4
Pandemonium: Depths:2
Ziggurat: Depths:2
Trove: Depths:4 (give 19 potions of curing)

Annotations:
D:9 3 runed translucent doors, qw's ghost, novice GrCA
D:15 3 runed translucent doors, qw's ghost, journeyman GrFi
Vaults:1 2 transporters
Zot:2 6 transporters
Zot:3 Tiamat


Message History

Tiamat hits you with a +2 vampiric glaive!!
Tiamat is very cold.
Tiamat is moderately wounded.
Tiamat tail-slaps you but does no damage. x2
Tiamat is very cold.
Tiamat seems to slow down.
Tiamat is moderately wounded.
You slice Tiamat!!
You feel better.
Tiamat is moderately wounded.
You slice Tiamat!!
You feel better.
Tiamat is moderately wounded.
You block the red draconian's attack.
You hit Tiamat but do no damage.
Tiamat is moderately wounded.
You block the green draconian's attack.
Tiamat hits you with a +2 vampiric glaive!!!
Tiamat is very cold.
Tiamat seems to slow down.
Tiamat is moderately wounded.
You block Tiamat's attack. x2
You cut Tiamat into ribbons!!!
Tiamat is heavily wounded.
You block the red draconian's attack.
You slice Tiamat!!
Tiamat is heavily wounded.
You slash Tiamat!
Tiamat is heavily wounded.
You block the red draconian's attack. You block the green draconian's attack.
Tiamat hits you with a +2 vampiric glaive!!
Your corrosive artefact corrodes you!
Tiamat is very cold.
Tiamat is heavily wounded.
Tiamat completely misses you. You block Tiamat's attack.
You slice Tiamat!!
Tiamat is heavily wounded.
You slice Tiamat!!
You feel better.
Tiamat is severely wounded.
You block the red draconian's attack.
You hit Tiamat but do no damage.
Tiamat is severely wounded.
You block the green draconian's attack.
Tiamat hits you with a +2 vampiric glaive!!!
You die...

.... ##### ...# #...#
.... ##.<.####### .
...##.......... ..
..#...........
...###...###.^.##.
.......d.......##
#....d)@).......## ..
#.....)))........## #..
#....d)##.###..[..##...
....... ##.###........#
...#... ###...#......##
.. #### #.............#
. ####.............#
#....)...........#
#.....##+++##....#


You could see Tiamat (berserk, slow), a green draconian and a red draconian
(berserk).

Vanquished Creatures
  3 dread liches (Vaults:5)
  An ancient lich (Vaults:5)
  Mara (Vaults:2)
  An orb of fire (Zot:1)
  A juggernaut (Depths:3)
  2 Killer Klowns
  A curse toe (Zot:1)
  6 caustic shrikes
  8 golden dragons
  10 tentacled monstrosities
  An electric golem (Zot:1)
  Rupert (D:12)
  6 liches
  Mlioglotl (Swamp:1)
  Jorgrun (D:12)
  5 titans
  8 quicksilver dragons
  A walking frostbound tome (Depths:3)
  A walking divine tome (Depths:2)
  14 sphinxes
  3 death cobs
  Kirke (D:12)
  An ancient champion (Vaults:2)
  7 shadow dragons
  A sphinx (shapeshifter) (Vaults:5)
  5 storm dragons
  13 tengu reavers
  Donald (Snake:2)
  A nagaraja (Snake:4)
  6 draconian monks
  Roxanne (D:15)
  5 thorn hunters
  8 fire giants
  3 frost giants
  4 draconian knights
  7 draconian scorchers
  2 draconian stormcallers
  An iron dragon (Vaults:5)
  A balrug (Depths:3)
  18 vault wardens
  8 draconian annihilators
  A ghost moth (Zot:2)
  2 draconian shifters
  Louise (Depths:1)
  An orc warlord (Vaults:2)
  19 stone giants
  21 ironbound preservers
  4 war gargoyles
  18 very ugly things
  6 vampire knights
  12 green draconians
  15 black draconians
  5 ironbound thunderhulks
  Azrael (D:12)
  9 white draconians
  2 deep elf annihilators (Vaults:5)
  4 eleionomae
  Nessos (Orc:2)
  9 red draconians
  3 deep elf demonologists (Vaults:5)
  6 dire elephants
  3 bunyips
  9 purple draconians
  A spark wasp (Depths:2)
  Snorg (D:14)
  13 yellow draconians
  10 ettins
  2 merfolk impalers (Depths:4)
  A deep elf death mage (Vaults:5)
  14 fire dragons
  6 great orbs of eyes
  Josephine (Snake:1)
  14 yaktaur captains
  An iron golem (Depths:3)
  A shambling mangrove (Swamp:4)
  An entropy weaver (Vaults:1)
  8 salamander tyrants
  Erolcha (D:13)
  9 ice dragons
  5 deep elf high priests
  43 vault guards
  16 hydras
  5 ogre magi
  A rakshasa (Depths:2)
  2 peacekeepers (Vaults:2)
  A ghost crab (Swamp:4)
  10 anacondas
  7 ironbound frosthearts
  4 spriggan air magi
  19 centaur warriors
  19 two-headed ogres
  6 alligators
  6 boulder beetles
  5 deep troll shamans
  3 tengu warriors
  18 naga warriors
  3 shock serpents
  8 spriggan berserkers
  5 deep troll earth magi
  Nergalle (D:12)
  11 naga sharpshooters
  A vampire mage (Depths:3)
  22 hell knights
  An orc high priest (Orc:1)
  A sun demon (Depths:3)
  A shadow wraith (Vaults:2)
  A skyshark (shapeshifter) (Vaults:5)
  6 skysharks
  4 goliath frogs (Swamp:1)
  2 spectral death yaks (Lair:5)
  4 iron trolls
  6 salamander mystics (Snake:4)
  A spectral anaconda (Lair:5)
  A skeletal warrior (D:13)
  2 death drakes (shapeshifter) (Vaults:5)
  5 spriggan druids
  4 flayed ghosts
  14 wizards
  9 naga ritualists
  3 spectral hydras (Swamp:4)
  3 bog bodies
  52 deep trolls
  An obsidian statue (Lair:5)
  6 phantasmal warriors
  13 swamp dragons
  2 glowing orange brains
  3 lindwurms (Vaults:4)
  12 necromancers
  6 orc knights
  23 ironbound convokers
  A wolf spider zombie (D:15)
  2 deep elf zephyrmancers
  A glowing shapeshifter (Depths:2)
  A sphinx zombie (Vaults:3)
  An orc sorcerer (Orc:2)
  9 mana vipers
  31 ugly things
  5 cyclopes
  2 will-o-the-wisps
  23 salamanders
  2 deep elf pyromancers
  14 moths of wrath
  3 oklob plants (Swamp:4)
  15 elephants (Lair:5)
  A frost giant skeleton (Vaults:2)
  A human skeleton (Vaults:2)
  44 black mambas
  22 vault sentinels
  6 manticores
  2 dire elephant zombies (Lair:5)
  12 guardian serpents
  18 naga magi
  An elephant (shapeshifter) (Vaults:5)
  2 gargoyles
  A dire elephant skeleton (Lair:5)
  2 torpor snails (Lair:4)
  A smoke demon (Depths:3)
  Maggie (D:7)
  Psyche (D:10)
  7 cane toads
  3 centaur skeletons (D:15)
  3 kobold demonologists
  An unseen horror (D:12)
  5 freezing wraiths
  An efreet (D:13)
  A human zombie (Vaults:3)
  14 komodo dragons
  6 tengu conjurers
  23 yaktaurs
  2 meliai (shapeshifter)
  5 tyrant leeches
  A merfolk (shapeshifter) (Vaults:5)
  A polar bear (Lair:1)
  3 meliai (D:15)
  4 hornets
  3 hydra zombies (Swamp:4)
  13 trolls
  2 death drake zombies (Swamp:4)
  Prince Ribbit (Lair:3)
  A death drake skeleton (Swamp:4)
  A hydra skeleton (Swamp:4)
  2 spectral elephants (Lair:5)
  12 blink frogs
  7 dream sheep
  A slime creature (shapeshifter) (Depths:3)
  2 centaur simulacra
  2 spriggans
  31 slime creatures
  A vampire (D:13)
  3 fire bats (Depths:3)
  7 wyverns
  5 water elementals (Depths:4)
  8 wraiths
  74 yaks
  3 hogs (D:12)
  A dire elephant simulacrum (Lair:5)
  4 basilisks
  4 fire elementals (D:12)
  A human (D:12)
  A yaktaur simulacrum (Vaults:3)
  2 redbacks (Vaults:1)
  A steam dragon (Lair:1)
  16 vampire mosquitoes
  A human simulacrum (Vaults:3)
  57 nagas
  A swamp worm (shapeshifter) (D:14)
  18 swamp worms
  4 wargs
  2 acid dragons
  3 hydra simulacra (Swamp:4)
  15 water moccasins
  9 hell hounds
  2 ogre skeletons (Vaults:2)
  18 orc warriors
  8 swamp drakes
  2 swamp dragon zombies (Swamp:4)
  A black bear (shapeshifter) (Vaults:5)
  A hornet zombie (D:15)
  2 black bears
  3 ice beasts
  3 sky beasts (D:8)
  4 elephant zombies (Lair:5)
  23 ogres
  31 wolves
  An elephant skeleton (Lair:5)
  A swamp dragon skeleton (Swamp:4)
  7 centaurs
  4 phantoms
  4 kobold brigands
  3 gnoll sergeants
  14 bullfrogs
  A cane toad simulacrum (Lair:5)
  2 scorpions
  A wight (D:8)
  5 killer bees
  An elephant simulacrum (Lair:5)
  2 electric eels
  7 howler monkeys
  7 hounds
  21 orc priests
  2 sleepcaps
  4 jellies
  2 gnoll boudas
  5 iguanas
  13 orc wizards
  25 gnolls
  10 adders
  A shadow imp (D:7)
  2 white imps
  An ufetubus (D:7)
  4 worms
  2 dart slugs
  100 orcs
  10 endoplasms
  2 giant cockroaches
  9 goblins
  3 hobgoblins (D:2)
  18 jackals
  2 quokkas
  3 ball pythons
  6 bats
  11 kobolds
  7 rats
  A spectral weapon (Swamp:4)
1859 creatures vanquished.

Vanquished Creatures (others)
  A ghost moth (Zot:4)
  A draconian shifter (Zot:1)
  A white draconian (Zot:1)
  A red draconian (Zot:1)
  A deep elf knight (Vaults:4)
  2 bloated husks
  A fire bat (Depths:3)
  A fire elemental (D:12)
  2 nagas
  10 foxfires
  64 spectral weapons
85 creatures vanquished.

Grand Total: 1944 creatures vanquished

Notes
Turn   | Place    | Note
-------+----------+-------------------------------------------
     0 | D:1      | qw the Gargoyle Fighter began the quest for the Orb.
     0 | D:1      | Reached XP level 1. HP: 14/14 MP: 1/1
     0 | D:1      | 0 ||| qw: Version: 0.2-a-102-gfc559e5
     0 | D:1      | 0 ||| qw: Game counter: 504
     0 | D:1      | 0 ||| qw: Always use a shield: true
     0 | D:1      | 0 ||| qw: God list: Okawaru
     0 | D:1      | 0 ||| qw: Allow faded altars: false
     0 | D:1      | 0 ||| qw: Do Orc after D:15 true
     0 | D:1      | 0 ||| qw: Do second Lair branch before Depths: true
     0 | D:1      | 0 ||| qw: Lair rune preference: random
     0 | D:1      | 0 ||| qw: Plans: Normal, Zot:1-4, Slime:5, God:TSO, Crypt,
                  | Tomb, Pan, Hells, Abyss, Win
     0 | D:1      | 0 ||| PLANNING D:1-11
   104 | D:1      | 104 ||| Stepping ~*~*~tactically~*~*~ (stealth).
   105 | D:1      | 105 ||| Stepping ~*~*~tactically~*~*~ (stealth).
   115 | D:1      | 115 ||| Stepping ~*~*~tactically~*~*~ (hiding).
   119 | D:1      | 119 ||| Stepping ~*~*~tactically~*~*~ (hiding).
   127 | D:1      | Reached XP level 2. HP: 19/19 MP: 2/2
   251 | D:1      | 251 ||| DROPPING +0 club.
   574 | D:1      | Reached skill level 3 in Axes
   656 | D:1      | Reached XP level 3. HP: 23/23 MP: 3/3
   946 | D:1      | 946 ||| UPGRADING to +0 pair of gloves.
   951 | D:1      | 951 ||| READING scroll labelled AROUSA FITSOPPA.
   952 | D:1      | 952 ||| READING scroll labelled ROULEXZUPS.
   953 | D:1      | 953 ||| READING scroll labelled YRED WISIE.
   954 | D:1      | 954 ||| DRINKING 3 clear potions.
   954 | D:1      | Gained mutation: You occasionally lose the ability to read
                  | scrolls when taking damage. [potion of mutation]
   954 | D:1      | Gained mutation: You are strong-willed. (Will+) [potion of
                  | mutation]
   954 | D:1      | Gained mutation: You are partially covered in large bone
                  | plates. (SH +4) [potion of mutation]
   955 | D:1      | 955 ||| DRINKING 2 potions of mutation.
   955 | D:1      | Lost mutation: You are partially covered in large bone
                  | plates. (SH +4) [potion of mutation]
   955 | D:1      | Lost mutation: You are strong-willed. (Will+) [potion of
                  | mutation]
   955 | D:1      | Gained mutation: You have a pair of small antennae on your
                  | head. [potion of mutation]
   955 | D:1      | Gained mutation: You are partially covered in iridescent
                  | scales. (AC +2) [potion of mutation]
   956 | D:1      | 956 ||| DRINKING potion of mutation.
   956 | D:1      | Lost mutation: You occasionally lose the ability to read
                  | scrolls when taking damage. [potion of mutation]
   956 | D:1      | Lost mutation: You have a pair of small antennae on your
                  | head. [potion of mutation]
   956 | D:1      | Gained mutation: You have a pair of small antennae on your
                  | head. [potion of mutation]
   956 | D:1      | Gained mutation: You are robust. (+10% HP) [potion of
                  | mutation]
   956 | D:1      | Gained mutation: A frigid envelope surrounds you and
                  | freezes all who hurt you. [potion of mutation]
  1259 | D:2      | Reached XP level 4. HP: 30/30 MP: 4/4
  1597 | D:2      | 1597 ||| READING scroll labelled MADAAT HADYALE.
  1598 | D:2      | 1598 ||| READING 2 scrolls labelled HALO XELEHI.
  1602 | D:2      | 1602 ||| DRINKING 2 sedimented green potions.
  1662 | D:3      | 1662 ||| DROPPING +0 whip.
  2236 | D:3      | 2236 ||| Stepping ~*~*~tactically~*~*~ (hiding).
  2364 | D:3      | Identified the +1 ring mail "Veptaics" {rPois rC++ Int+5}
  2488 | D:3      | Found a faded altar of an unknown god.
  2508 | D:3      | Reached XP level 5. HP: 35/35 MP: 5/5
  2624 | D:3      | 2624 ||| UPGRADING to +1 ring mail "Veptaics" {rPois rC++
                  | Int+5}.
  2634 | D:3      | 2634 ||| DROPPING +0 scale mail.
  2635 | D:3      | 2635 ||| UPGRADING to +1 scale mail of cold resistance.
  2645 | D:3      | 2645 ||| READING 2 scrolls labelled MUNKYI YNTAMODUA.
  2646 | D:3      | 2646 ||| READING scroll labelled SOUCZA SAYLIE.
  2647 | D:3      | 2647 ||| READING scroll labelled MOGUSU ORARA.
  2648 | D:3      | 2648 ||| DRINKING 3 ruby potions.
  2649 | D:3      | 2649 ||| DRINKING 2 murky brown potions.
  2650 | D:3      | 2650 ||| READING 4 scrolls of identify.
  2650 | D:3      | 2650 ||| IDENTIFYING cyan potion
  2651 | D:3      | 2651 ||| READING 3 scrolls of identify.
  2651 | D:3      | 2651 ||| IDENTIFYING viscous golden potion
  2652 | D:3      | 2652 ||| READING 2 scrolls of identify.
  2652 | D:3      | 2652 ||| IDENTIFYING bubbling golden potion
  2653 | D:3      | 2653 ||| DROPPING potion of degeneration.
  2654 | D:3      | 2654 ||| DROPPING scroll of blinking.
  2655 | D:3      | 2655 ||| DROPPING potion of ambrosia.
  2807 | D:4      | 2807 ||| FLEEEEING.
  2808 | D:4      | 2808 ||| FLEEEEING.
  2809 | D:4      | 2809 ||| FLEEEEING.
  2810 | D:4      | 2810 ||| FLEEEEING.
  2811 | D:4      | 2811 ||| FLEEEEING.
  2812 | D:4      | 2812 ||| FLEEEEING.
  2813 | D:4      | 2813 ||| FLEEEEING.
  2814 | D:4      | 2814 ||| FLEEEEING.
  2815 | D:4      | 2815 ||| FLEEEEING.
  2816 | D:4      | 2816 ||| STAIRDANCE
  2828 | D:3      | 2828 ||| DRINKING 2 sedimented cyan potions.
  2829 | D:3      | 2829 ||| DROPPING potion of invisibility.
  2833 | D:4      | 2833 ||| STAIRDANCE
  2876 | D:4      | 2876 ||| Stepping ~*~*~tactically~*~*~ (stealth).
  3105 | D:4      | Reached skill level 4 in Fighting
  3297 | D:4      | Reached XP level 6. HP: 41/41 MP: 6/6
  3394 | D:4      | 3394 ||| READING scroll labelled XYF OPODI UNTO.
  3495 | D:4      | 3495 ||| READING scroll labelled ZETHRA TUTOA.
  3528 | D:5      | Entered Level 5 of the Dungeon
  3533 | D:5      | 3533 ||| STAIRDANCE
  3539 | D:4      | Reached skill level 1 in Dodging
  3689 | D:5      | Reached skill level 6 in Axes
  3689 | D:5      | Reached XP level 7. HP: 47/47 MP: 7/7
  3705 | D:5      | 3705 ||| Stepping ~*~*~tactically~*~*~ (hiding).
  3706 | D:5      | 3706 ||| Stepping ~*~*~tactically~*~*~ (stealth).
  3847 | D:5      | 3847 ||| Stepping ~*~*~tactically~*~*~ (hiding).
  3904 | D:5      | 3904 ||| DROPPING +2 whip of electrocution.
  3909 | D:5      | 3909 ||| Stepping ~*~*~tactically~*~*~ (stealth).
  3911 | D:5      | 3911 ||| Stepping ~*~*~tactically~*~*~ (stealth).
  3917 | D:5      | Reached skill level 5 in Fighting
  3941 | D:5      | Reached XP level 8. HP: 53/53 MP: 8/8
  3943 | D:5      | 3943 ||| DROPPING +0 flail.
  3951 | D:5      | 3951 ||| Stepping ~*~*~tactically~*~*~ (stealth).
  3981 | D:5      | 3981 ||| Stepping ~*~*~tactically~*~*~ (stealth).
  3984 | D:5      | 3984 ||| Stepping ~*~*~tactically~*~*~ (stealth).
  4318 | D:5      | Found a stormy altar of Qazlal.
  4355 | D:5      | Found a shimmering blue altar of Sif Muna.
  4377 | D:5      | 4377 ||| Stepping ~*~*~tactically~*~*~ (hiding).
  4605 | D:5      | 4605 ||| Stepping ~*~*~tactically~*~*~ (hiding).
  4633 | D:5      | 4633 ||| Stepping ~*~*~tactically~*~*~ (stealth).
  4692 | D:5      | 4692 ||| Stepping ~*~*~tactically~*~*~ (stealth).
  4701 | D:5      | 4701 ||| Stepping ~*~*~tactically~*~*~ (stealth).
  4703 | D:5      | 4703 ||| Stepping ~*~*~tactically~*~*~ (stealth).
  4795 | D:5      | 4795 ||| DROPPING +2 antimagic flail.
  4803 | D:5      | 4803 ||| UPGRADING to +1 chain mail of willpower.
  4813 | D:5      | 4813 ||| UPGRADING to +0 kite shield.
  4823 | D:5      | 4823 ||| DROPPING +0 buckler.
  4824 | D:5      | 4824 ||| DROPPING +6 ring of intelligence.
  4825 | D:5      | 4825 ||| READING scroll labelled HIHYQA MAANYCKI.
  4826 | D:5      | 4826 ||| READING scroll labelled HUORCH KUPTE WUVY.
  4827 | D:5      | 4827 ||| READING scroll labelled IRPHACU GYNK.
  4828 | D:5      | 4828 ||| DRINKING 2 white potions.
  4829 | D:5      | 4829 ||| DROPPING potion of flight.
  4869 | D:6      | 4869 ||| STAIRDANCE
  4907 | D:6      | 4907 ||| STAIRDANCE
  4961 | D:6      | 4961 ||| Stepping ~*~*~tactically~*~*~ (hiding).
  4970 | D:6      | 4970 ||| FLEEEEING.
  4971 | D:6      | 4971 ||| FLEEEEING.
  4972 | D:6      | 4972 ||| FLEEEEING.
  5005 | D:6      | 5005 ||| FLEEEEING.
  5006 | D:6      | 5006 ||| FLEEEEING.
  5007 | D:6      | 5007 ||| STAIRDANCE
  5037 | D:5      | 5037 ||| READING 2 scrolls of identify.
  5037 | D:5      | 5037 ||| IDENTIFYING blue potion
  5038 | D:5      | 5038 ||| DROPPING potion of magic.
  5193 | D:6      | Noticed a yak
  5200 | D:6      | Killed a yak
  5234 | D:6      | Noticed a yak
  5235 | D:6      | 5235 ||| Stepping ~*~*~tactically~*~*~ (stealth).
  5236 | D:6      | 5236 ||| Stepping ~*~*~tactically~*~*~ (stealth).
  5237 | D:6      | Noticed a yak
  5238 | D:6      | 5238 ||| Stepping ~*~*~tactically~*~*~ (stealth).
  5249 | D:6      | Killed a yak
  5250 | D:6      | Reached skill level 6 in Shields
  5250 | D:6      | Killed a yak
  5251 | D:6      | Reached XP level 9. HP: 58/60 MP: 9/9
  5370 | D:6      | Reached skill level 1 in Throwing
  5372 | D:6      | 5372 ||| Stepping ~*~*~tactically~*~*~ (stealth).
  5374 | D:6      | 5374 ||| Stepping ~*~*~tactically~*~*~ (hiding).
  5381 | D:6      | Reached skill level 6 in Fighting
  5444 | D:6      | 5444 ||| Stepping ~*~*~tactically~*~*~ (stealth).
  5605 | D:6      | 5605 ||| Stepping ~*~*~tactically~*~*~ (hiding).
  5719 | D:6      | Found an opulent altar of Gozag.
  5866 | D:6      | 5866 ||| UPGRADING to +0 plate armour.
  5876 | D:6      | 5876 ||| DROPPING +1 chain mail of willpower.
  5877 | D:6      | 5877 ||| UPGRADING to +0 pair of boots.
  5882 | D:6      | 5882 ||| DROPPING +1 scale mail of cold resistance.
  5883 | D:6      | 5883 ||| READING 2 scrolls of identify.
  5883 | D:6      | 5883 ||| IDENTIFYING purple potion
  5901 | D:7      | 5901 ||| Stepping ~*~*~tactically~*~*~ (stealth).
  5903 | D:7      | 5903 ||| Stepping ~*~*~tactically~*~*~ (hiding).
  5905 | D:7      | 5905 ||| Stepping ~*~*~tactically~*~*~ (hiding).
  5909 | D:7      | 5909 ||| DRINKING 3 potions of curing.
  5909 | D:7      | 5909 ||| (to cure confusion)
  5998 | D:7      | Found a staircase to the Ecumenical Temple.
  5999 | D:7      | 5999 ||| PLANNING TEMPLE
  6000 | D:7      | Noticed Maggie
  6001 | D:7      | 6001 ||| Stepping ~*~*~tactically~*~*~ (hiding).
  6003 | D:7      | 6003 ||| Stepping ~*~*~tactically~*~*~ (hiding).
  6012 | D:7      | Killed Maggie
  6034 | Temple   | Entered the Ecumenical Temple
  6113 | Temple   | 6113 ||| PLANNING OKAWARU WORSHIP
  6184 | Temple   | Became a worshipper of Warmaster Okawaru
  6184 | Temple   | 6184 ||| PLANNING D:1-11
  6204 | D:7      | 6204 ||| READING scroll of brand weapon.
  6204 | D:7      | 6204 ||| BRANDING +1 war axe of chaos.
  6225 | D:7      | Reached skill level 9 in Axes
  6263 | D:7      | 6263 ||| Stepping ~*~*~tactically~*~*~ (stealth).
  6270 | D:7      | Reached skill level 6 in Armour
  6270 | D:7      | Reached XP level 10. HP: 66/66 MP: 10/10
  6628 | D:8      | 6628 ||| PLANNING OSSUARY
  6637 | D:8      | Noticed a two-headed ogre
  6638 | D:8      | 6638 ||| Stepping ~*~*~tactically~*~*~ (stealth).
  6639 | D:8      | 6639 ||| Stepping ~*~*~tactically~*~*~ (stealth).
  6646 | D:8      | Killed a two-headed ogre
  6646 | D:8      | Reached * piety under Okawaru
  6647 | D:8      | Reached skill level 8 in Fighting
  6647 | D:8      | 6647 ||| INVOKING Heroism.
  6777 | D:8      | 6777 ||| Stepping ~*~*~tactically~*~*~ (hiding).
  6786 | D:8      | Reached skill level 1 in Invocations
  6791 | D:8      | Noticed a white ugly thing
  6792 | D:8      | 6792 ||| Stepping ~*~*~tactically~*~*~ (stealth).
  6793 | D:8      | 6793 ||| Stepping ~*~*~tactically~*~*~ (stealth).
  6795 | D:8      | Noticed a two-headed ogre
  6796 | D:8      | 6796 ||| Stepping ~*~*~tactically~*~*~ (stealth).
  6797 | D:8      | 6797 ||| INVOKING Heroism.
  6805 | D:8      | Killed a two-headed ogre
  6805 | D:8      | Reached ** piety under Okawaru
  6806 | D:8      | Reached skill level 3 in Invocations
  6807 | D:8      | Killed a white ugly thing
  6808 | D:8      | Reached skill level 9 in Shields
  6811 | D:8      | Noticed a two-headed ogre
  6812 | D:8      | 6812 ||| INVOKING Heroism.
  6817 | D:8      | Killed a two-headed ogre
  6817 | D:8      | Reached *** piety under Okawaru
  6820 | D:8      | 6820 ||| Stepping ~*~*~tactically~*~*~ (hiding).
  6888 | D:8      | Identified the ring "Coosh" {rN+ Will+ rCorr Int-2 Dex+6}
  6888 | D:8      | Noticed a centaur warrior
  6889 | D:8      | 6889 ||| Stepping ~*~*~tactically~*~*~ (stealth).
  6909 | D:8      | 6909 ||| Stepping ~*~*~tactically~*~*~ (stealth).
  6935 | D:8      | 6935 ||| INVOKING Heroism.
  6938 | D:8      | 6938 ||| Stepping ~*~*~tactically~*~*~ (hiding).
  6947 | D:8      | Killed a centaur warrior
  6948 | D:8      | Reached XP level 11. HP: 33/74 MP: 12/14
  7092 | D:8      | Identified the +2 ring mail "Wimnakh" {Rampage +Inv rElec
                  | Str-2}
  7111 | D:8      | 7111 ||| Stepping ~*~*~tactically~*~*~ (hiding).
  7170 | D:8      | 7170 ||| Stepping ~*~*~tactically~*~*~ (stealth).
  7172 | D:8      | 7172 ||| Stepping ~*~*~tactically~*~*~ (stealth).
  7181 | D:8      | Reached **** piety under Okawaru
  7266 | D:8      | Noticed a centaur warrior
  7270 | D:8      | 7270 ||| INVOKING Heroism.
  7276 | D:8      | Killed a centaur warrior
  7443 | D:8      | 7443 ||| RIP OSSUARY
  7443 | D:8      | 7443 ||| PLANNING D:1-11
  7452 | D:8      | 7452 ||| INVOKING Heroism.
  7495 | D:8      | 7495 ||| READING scroll of enchant weapon.
  7495 | D:8      | 7495 ||| ENCHANTING +1 spectral war axe.
  8079 | D:8      | 8079 ||| DROPPING +1 ring mail "Veptaics" {rPois rC++
                  | Int+5}.
  8080 | D:8      | 8080 ||| UPGRADING to +0 cloak.
  8085 | D:8      | 8085 ||| UPGRADING to +3 plate armour of positive energy.
  8095 | D:8      | 8095 ||| DROPPING +0 plate armour.
  8096 | D:8      | 8096 ||| UPGRADING to amulet of faith.
  8101 | D:8      | 8101 ||| UPGRADING to ring "Coosh" {rN+ Will+ rCorr Int-2
                  | Dex+6}.
  8102 | D:8      | 8102 ||| UPGRADING to +6 ring of dexterity.
  8103 | D:8      | 8103 ||| UPGRADING to ring of see invisible.
  8105 | D:8      | 8105 ||| DRINKING 3 dark potions.
  8106 | D:8      | 8106 ||| READING 3 scrolls of identify.
  8106 | D:8      | 8106 ||| IDENTIFYING coppery potion
  8107 | D:8      | 8107 ||| DROPPING 2 potions of brilliance.
  8262 | D:9      | Found a runed translucent gate.
  8263 | D:9      | Found a runed translucent gate.
  8265 | D:9      | Found a runed translucent gate.
  8265 | D:9      | Noticed a harpy
  8347 | D:9      | Noticed qw's ghost (novice GrCA)
  8349 | D:9      | Noticed a deep elf pyromancer
  8513 | D:9      | Reached skill level 6 in Invocations
  8564 | D:9      | Reached ***** piety under Okawaru
  8651 | D:9      | Found a burning altar of Makhleb.
  8763 | D:9      | Found a glowing golden altar of the Shining One.
  8763 | D:9      | Found a radiant altar of Vehumet.
  8765 | D:9      | Found a shadowy altar of Dithmenos.
  8765 | D:9      | Found a blossoming altar of Fedhas.
  8794 | D:9      | 8794 ||| READING scroll labelled RUTIAF GOANWUXU.
  8795 | D:9      | 8795 ||| READING 3 scrolls of identify.
  8795 | D:9      | 8795 ||| IDENTIFYING orange potion
  8796 | D:9      | 8796 ||| DROPPING potion of berserk rage.
  8827 | D:10     | Entered Level 10 of the Dungeon
  8925 | D:10     | 8925 ||| INVOKING Heroism.
  8934 | D:10     | Found a staircase to the Orcish Mines.
  8953 | D:10     | 8953 ||| INVOKING Heroism.
  9081 | D:10     | 9081 ||| INVOKING Heroism.
  9131 | D:10     | 9131 ||| INVOKING Heroism.
  9157 | D:10     | 9157 ||| Stepping ~*~*~tactically~*~*~ (stealth).
  9190 | D:10     | 9190 ||| Stepping ~*~*~tactically~*~*~ (hiding).
  9221 | D:10     | Found a shimmering altar of Xom.
  9221 | D:10     | Found a sparkling altar of Nemelex Xobeh.
  9259 | D:10     | You fall into a shaft and drop 2 floors!
  9290 | D:12     | Noticed Azrael
  9291 | D:12     | 9291 ||| INVOKING Heroism.
  9292 | D:12     | 9292 ||| INVOKING Finesse.
  9296 | D:12     | Reached XP level 12. HP: 79/82 MP: 9/17
  9308 | D:12     | Killed Azrael
  9309 | D:12     | Reached skill level 9 in Fighting
  9319 | D:12     | Noticed a two-headed ogre
  9326 | D:12     | HP: 20/83 [two-headed ogre/+0 giant spiked club (21)]
  9326 | D:12     | Killed a two-headed ogre
  9545 | D:12     | 9545 ||| Stepping ~*~*~tactically~*~*~ (stealth).
  9577 | D:12     | Noticed Kirke
  9578 | D:12     | 9578 ||| Stepping ~*~*~tactically~*~*~ (stealth).
  9579 | D:12     | 9579 ||| Stepping ~*~*~tactically~*~*~ (stealth).
  9580 | D:12     | 9580 ||| Stepping ~*~*~tactically~*~*~ (stealth).
  9581 | D:12     | 9581 ||| Stepping ~*~*~tactically~*~*~ (stealth).
  9582 | D:12     | 9582 ||| Stepping ~*~*~tactically~*~*~ (stealth).
  9583 | D:12     | 9583 ||| INVOKING Heroism.
  9584 | D:12     | 9584 ||| Stepping ~*~*~tactically~*~*~ (stealth).
  9585 | D:12     | 9585 ||| INVOKING Finesse.
  9591 | D:12     | Killed Kirke
  9591 | D:12     | Identified the +0 hat of Idealism {rC+} (Okawaru gifted it
                  | to you on level 12 of the Dungeon)
  9591 | D:12     | Received a gift from Okawaru
  9592 | D:12     | Reached skill level 9 in Invocations
  9695 | D:12     | Noticed Jorgrun
  9696 | D:12     | 9696 ||| INVOKING Heroism.
  9697 | D:12     | 9697 ||| INVOKING Finesse.
  9705 | D:12     | HP: 14/83 [constriction (17)]
  9706 | D:12     | 9706 ||| READING 4 scrolls of teleportation.
  9707 | D:12     | 9707 ||| DRINKING 2 potions of heal wounds.
  9727 | D:12     | 9727 ||| Stepping ~*~*~tactically~*~*~ (stealth).
  9728 | D:12     | 9728 ||| Stepping ~*~*~tactically~*~*~ (stealth).
  9781 | D:12     | 9781 ||| Stepping ~*~*~tactically~*~*~ (stealth).
  9790 | D:12     | 9790 ||| INVOKING Heroism.
  9919 | D:12     | 9919 ||| INVOKING Heroism.
  9919 | D:12     | Noticed Nergalle
  9920 | D:12     | 9920 ||| INVOKING Finesse.
  9929 | D:12     | Killed Jorgrun
  9936 | D:12     | Killed Nergalle
  9952 | D:12     | Reached skill level 12 in Axes
  9956 | D:12     | 9956 ||| Stepping ~*~*~tactically~*~*~ (hiding).
 10127 | D:12     | 10127 ||| Stepping ~*~*~tactically~*~*~ (stealth).
 10213 | D:12     | 10213 ||| UPGRADING to +0 hat of Idealism {rC+}.
 10218 | D:12     | 10218 ||| READING scroll labelled JUOPEQ DEID.
 10251 | D:10     | Found a hide-covered altar of Uskayaw.
 10367 | D:10     | Reached skill level 9 in Armour
 10405 | D:10     | Noticed Psyche
 10406 | D:10     | 10406 ||| INVOKING Heroism.
 10409 | D:10     | Killed Psyche
 10490 | D:10     | Identified the +2 pair of gloves of Happy Babbling
                  | {*Corrode rPois rF+ rC+++}
 10662 | D:10     | 10662 ||| UPGRADING to +2 pair of gloves of Happy Babbling
                  | {*Corrode rPois rF+ rC+++}.
 10672 | D:10     | 10672 ||| DROPPING +0 pair of gloves.
 10673 | D:10     | 10673 ||| REMOVING +0 hat of Idealism {rC+}.
 10703 | D:11     | 10703 ||| STAIRDANCE
 10806 | D:11     | Noticed a two-headed ogre
 10810 | D:11     | 10810 ||| STAIRDANCE
 10843 | D:11     | Noticed a boulder beetle
 10844 | D:11     | 10844 ||| INVOKING Heroism.
 10847 | D:11     | Killed a two-headed ogre
 10848 | D:11     | Reached skill level 3 in Dodging
 10848 | D:11     | Reached XP level 13. HP: 66/88 MP: 17/20
 10873 | D:11     | 10873 ||| Stepping ~*~*~tactically~*~*~ (stealth).
 10874 | D:11     | 10874 ||| Stepping ~*~*~tactically~*~*~ (stealth).
 11007 | D:11     | 11007 ||| READING scroll of enchant weapon.
 11007 | D:11     | 11007 ||| ENCHANTING +2 spectral war axe.
 11038 | D:11     | 11038 ||| INVOKING Heroism.
 11054 | D:11     | Found a staircase to the Lair.
 11074 | D:11     | 11074 ||| DROPPING +0 flail of protection.
 11133 | D:11     | 11133 ||| Stepping ~*~*~tactically~*~*~ (stealth).
 11134 | D:11     | 11134 ||| Stepping ~*~*~tactically~*~*~ (stealth).
 11154 | D:11     | 11154 ||| INVOKING Heroism.
 11167 | D:11     | 11167 ||| FLEEEEING.
 11168 | D:11     | 11168 ||| FLEEEEING.
 11169 | D:11     | 11169 ||| FLEEEEING.
 11170 | D:11     | 11170 ||| FLEEEEING.
 11171 | D:11     | 11171 ||| FLEEEEING.
 11172 | D:11     | 11172 ||| FLEEEEING.
 11173 | D:11     | 11173 ||| FLEEEEING.
 11174 | D:11     | 11174 ||| FLEEEEING.
 11175 | D:11     | 11175 ||| FLEEEEING.
 11176 | D:11     | 11176 ||| FLEEEEING.
 11177 | D:11     | 11177 ||| FLEEEEING.
 11178 | D:11     | 11178 ||| FLEEEEING.
 11179 | D:11     | 11179 ||| STAIRDANCE
 11397 | D:11     | Reached skill level 10 in Fighting
 11485 | D:11     | 11485 ||| Stepping ~*~*~tactically~*~*~ (hiding).
 11676 | D:11     | 11676 ||| PLANNING LAIR
 11706 | D:11     | 11706 ||| Stepping ~*~*~tactically~*~*~ (stealth).
 11708 | D:11     | 11708 ||| Stepping ~*~*~tactically~*~*~ (hiding).
 11712 | D:11     | 11712 ||| Stepping ~*~*~tactically~*~*~ (stealth).
 11744 | Lair:1   | Entered Level 1 of the Lair of Beasts
 11791 | Lair:1   | Identified the +1 leather armour of the Volcano {Harm
                  | Dex+4}
 11798 | Lair:1   | 11798 ||| INVOKING Heroism.
 12047 | Lair:1   | 12047 ||| INVOKING Heroism.
 12121 | Lair:1   | 12121 ||| INVOKING Heroism.
 12169 | Lair:1   | 12169 ||| Stepping ~*~*~tactically~*~*~ (stealth).
 12172 | Lair:1   | 12172 ||| Stepping ~*~*~tactically~*~*~ (stealth).
 12174 | Lair:1   | 12174 ||| Stepping ~*~*~tactically~*~*~ (stealth).
 12176 | Lair:1   | 12176 ||| INVOKING Heroism.
 12738 | Lair:2   | 12738 ||| INVOKING Heroism.
 12748 | Lair:2   | Reached skill level 3 in Throwing
 12874 | Lair:2   | 12874 ||| Stepping ~*~*~tactically~*~*~ (stealth).
 12885 | Lair:2   | 12885 ||| INVOKING Heroism.
 12893 | Lair:2   | Received a gift from Okawaru
 13055 | Lair:2   | Found a staircase to the Swamp.
 13105 | Lair:2   | 13105 ||| INVOKING Heroism.
 13106 | Lair:2   | 13106 ||| INVOKING Finesse.
 13177 | Lair:2   | 13177 ||| Stepping ~*~*~tactically~*~*~ (stealth).
 13179 | Lair:2   | 13179 ||| Stepping ~*~*~tactically~*~*~ (stealth).
 13185 | Lair:2   | 13185 ||| Stepping ~*~*~tactically~*~*~ (stealth).
 13463 | Lair:2   | 13463 ||| INVOKING Heroism.
 13788 | Lair:2   | 13788 ||| DROPPING amulet of magic regeneration.
 13800 | Lair:3   | 13800 ||| STAIRDANCE
 13971 | Lair:3   | 13971 ||| DROPPING +1 flail of protection.
 13994 | Lair:3   | Noticed Prince Ribbit
 13995 | Lair:3   | 13995 ||| INVOKING Heroism.
 13999 | Lair:3   | Killed Prince Ribbit
 14350 | Lair:3   | 14350 ||| Stepping ~*~*~tactically~*~*~ (stealth).
 14555 | Lair:3   | 14555 ||| Stepping ~*~*~tactically~*~*~ (stealth).
 14560 | Lair:3   | 14560 ||| Stepping ~*~*~tactically~*~*~ (stealth).
 14562 | Lair:3   | 14562 ||| Stepping ~*~*~tactically~*~*~ (hiding).
 14564 | Lair:3   | Found a staircase to the Snake Pit.
 14681 | Lair:4   | Found a staircase to the Slime Pits.
 14681 | Lair:4   | Found a viscous altar of Jiyva.
 14711 | Lair:4   | Identified the +6 flail "Fuhih" {spect, rPois rF+ Stlth+}
 14713 | Lair:4   | 14713 ||| DROPPING +0 morningstar.
 14727 | Lair:4   | Received a gift from Okawaru
 14728 | Lair:4   | Gained mutation: Your large and strong wings let you fly.
                  | [Gargoyle growth]
 14728 | Lair:4   | Reached XP level 14. HP: 96/96 MP: 21/21
 14862 | Lair:4   | 14862 ||| INVOKING Heroism.
 14962 | Lair:4   | Received a gift from Okawaru
 14964 | Lair:4   | 14964 ||| Stepping ~*~*~tactically~*~*~ (stealth).
 14975 | Lair:4   | 14975 ||| Stepping ~*~*~tactically~*~*~ (stealth).
 14986 | Lair:4   | 14986 ||| INVOKING Heroism.
 14993 | Lair:4   | Received a gift from Okawaru
 15255 | Lair:4   | Reached skill level 11 in Fighting
 15410 | Lair:5   | Entered Level 5 of the Lair of Beasts
 15416 | Lair:5   | 15416 ||| STAIRDANCE
 15455 | Lair:5   | 15455 ||| Stepping ~*~*~tactically~*~*~ (stealth).
 15456 | Lair:5   | 15456 ||| Stepping ~*~*~tactically~*~*~ (stealth).
 15457 | Lair:5   | 15457 ||| Stepping ~*~*~tactically~*~*~ (stealth).
 15458 | Lair:5   | 15458 ||| Stepping ~*~*~tactically~*~*~ (stealth).
 15486 | Lair:5   | 15486 ||| Stepping ~*~*~tactically~*~*~ (stealth).
 15491 | Lair:5   | 15491 ||| Stepping ~*~*~tactically~*~*~ (stealth).
 15514 | Lair:5   | 15514 ||| Stepping ~*~*~tactically~*~*~ (stealth).
 15533 | Lair:5   | 15533 ||| READING scroll of enchant weapon.
 15533 | Lair:5   | 15533 ||| ENCHANTING +3 spectral war axe.
 15559 | Lair:5   | Reached skill level 12 in Shields
 15678 | Lair:5   | Reached ****** piety under Okawaru
 15723 | Lair:5   | Received a gift from Okawaru
 15725 | Lair:5   | 15725 ||| DROPPING +1 antimagic broad axe.
 15777 | Lair:5   | 15777 ||| Stepping ~*~*~tactically~*~*~ (stealth).
 15782 | Lair:5   | 15782 ||| INVOKING Heroism.
 15783 | Lair:5   | 15783 ||| INVOKING Finesse.
 15879 | Lair:5   | 15879 ||| INVOKING Heroism.
 15880 | Lair:5   | 15880 ||| INVOKING Finesse.
 16058 | Lair:5   | 16058 ||| Stepping ~*~*~tactically~*~*~ (stealth).
 16116 | Lair:5   | 16116 ||| INVOKING Heroism.
 16117 | Lair:5   | 16117 ||| INVOKING Finesse.
 16206 | Lair:5   | Noticed a dire elephant
 16206 | Lair:5   | Noticed a dire elephant
 16270 | Lair:5   | 16270 ||| INVOKING Heroism.
 16360 | Lair:5   | 16360 ||| INVOKING Heroism.
 16361 | Lair:5   | 16361 ||| INVOKING Finesse.
 16378 | Lair:5   | Reached skill level 15 in Axes
 16427 | Lair:5   | 16427 ||| INVOKING Heroism.
 16437 | Lair:5   | Killed a dire elephant
 16440 | Lair:5   | Received a gift from Okawaru
 16448 | Lair:5   | Killed a dire elephant
 16608 | Lair:5   | 16608 ||| READING scroll of enchant weapon.
 16608 | Lair:5   | 16608 ||| ENCHANTING +4 spectral war axe.
 16634 | Lair:5   | 16634 ||| Stepping ~*~*~tactically~*~*~ (stealth).
 16714 | Lair:5   | Identified the +0 buckler of Dogma {rElec Int+2} (Okawaru
                  | gifted it to you on level 5 of the Lair of Beasts)
 16714 | Lair:5   | Received a gift from Okawaru
 16843 | Lair:5   | 16843 ||| INVOKING Heroism.
 16967 | Lair:5   | Reached XP level 15. HP: 105/105 MP: 22/22
 16974 | Lair:5   | 16974 ||| FLEEEEING.
 16975 | Lair:5   | 16975 ||| FLEEEEING.
 17013 | Lair:5   | Identified the +3 gold dragon scales of the Vestibule of
                  | Hell {+Blink rPois rF+ rC+ SInv}
 17086 | Lair:5   | Reached skill level 12 in Fighting
 17311 | Lair:5   | 17311 ||| Stepping ~*~*~tactically~*~*~ (hiding).
 17536 | Lair:5   | 17536 ||| PLANNING D
 17536 | Lair:5   | 17536 ||| DROPPING +0 fire dragon scales.
 17537 | Lair:5   | 17537 ||| UPGRADING to +3 gold dragon scales of the
                  | Vestibule of Hell {+Blink rPois rF+ rC+ SInv}.
 17547 | Lair:5   | 17547 ||| REMOVING ring of see invisible.
 17548 | Lair:5   | 17548 ||| DROPPING +3 plate armour of positive energy.
 17549 | Lair:5   | 17549 ||| UPGRADING to ring of fire.
 17550 | Lair:5   | 17550 ||| UPGRADING to +6 ring of dexterity.
 17552 | Lair:5   | 17552 ||| DROPPING ring of willpower.
 17553 | Lair:5   | 17553 ||| READING scroll labelled BOHEIBINWE.
 17607 | Lair:5   | 17607 ||| READING scroll labelled DUOQ DURIA.
 17731 | D:12     | Noticed Rupert
 17732 | D:12     | 17732 ||| INVOKING Heroism.
 17733 | D:12     | 17733 ||| INVOKING Finesse.
 17739 | D:12     | Killed Rupert
 18295 | D:13     | 18295 ||| READING scroll of enchant weapon.
 18295 | D:13     | 18295 ||| ENCHANTING +5 spectral war axe.
 18312 | D:13     | 18312 ||| INVOKING Heroism.
 18313 | D:13     | 18313 ||| INVOKING Finesse.
 18319 | D:13     | 18319 ||| SWAPPING to +6 flail "Fuhih" {spect, rPois rF+
                  | Stlth+}.
 18321 | D:13     | 18321 ||| SWAPPING to +6 spectral war axe.
 18363 | D:13     | Noticed Erolcha
 18375 | D:13     | Killed Erolcha
 18519 | D:13     | 18519 ||| Stepping ~*~*~tactically~*~*~ (hiding).
 18520 | D:13     | 18520 ||| Stepping ~*~*~tactically~*~*~ (hiding).
 18649 | D:13     | 18649 ||| INVOKING Heroism.
 18658 | D:13     | Reached skill level 12 in Armour
 18658 | D:13     | 18658 ||| SWAPPING to +6 flail "Fuhih" {spect, rPois rF+
                  | Stlth+}.
 18659 | D:13     | 18659 ||| INVOKING Finesse.
 18660 | D:13     | 18660 ||| Stepping ~*~*~tactically~*~*~ (outnumbered).
 18663 | D:13     | 18663 ||| SWAPPING to +6 spectral war axe.
 18673 | D:13     | 18673 ||| SWAPPING to +6 flail "Fuhih" {spect, rPois rF+
                  | Stlth+}.
 18676 | D:13     | 18676 ||| SWAPPING to +6 spectral war axe.
 18761 | D:13     | 18761 ||| Stepping ~*~*~tactically~*~*~ (stealth).
 19081 | D:13     | 19081 ||| Stepping ~*~*~tactically~*~*~ (stealth).
 19082 | D:13     | 19082 ||| Stepping ~*~*~tactically~*~*~ (stealth).
 19350 | D:13     | 19350 ||| Stepping ~*~*~tactically~*~*~ (hiding).
 19526 | D:13     | 19526 ||| DROPPING +3 plate armour of positive energy.
 19527 | D:13     | 19527 ||| DRINKING 2 amethyst potions.
 19654 | D:14     | Received a gift from Okawaru
 19666 | D:14     | 19666 ||| DROPPING +6 flail "Fuhih" {spect, rPois rF+
                  | Stlth+}.
 19729 | D:14     | Found a gate to the Vaults.
 19760 | D:14     | 19760 ||| Stepping ~*~*~tactically~*~*~ (hiding).
 20040 | D:14     | 20040 ||| INVOKING Heroism.
 20122 | D:14     | Received a gift from Okawaru
 20210 | D:14     | Noticed Snorg
 20219 | D:14     | 20219 ||| INVOKING Heroism.
 20221 | D:14     | Killed Snorg
 20432 | D:15     | Entered Level 15 of the Dungeon
 20463 | D:15     | Found Enirab's General Store.
 20512 | D:15     | Found a runed translucent gate.
 20525 | D:15     | 20525 ||| INVOKING Heroism.
 20533 | D:15     | Received a gift from Okawaru
 20557 | D:15     | Noticed qw's ghost (journeyman GrFi)
 20616 | D:15     | Found a runed translucent gate.
 20616 | D:15     | Found a runed translucent gate.
 20649 | D:15     | 20649 ||| Stepping ~*~*~tactically~*~*~ (stealth).
 20650 | D:15     | 20650 ||| Stepping ~*~*~tactically~*~*~ (stealth).
 20663 | D:15     | 20663 ||| Stepping ~*~*~tactically~*~*~ (stealth).
 20675 | D:15     | Reached XP level 16. HP: 107/111 MP: 23/23
 20684 | D:15     | 20684 ||| Stepping ~*~*~tactically~*~*~ (stealth).
 20685 | D:15     | 20685 ||| Stepping ~*~*~tactically~*~*~ (stealth).
 20710 | D:15     | 20710 ||| Stepping ~*~*~tactically~*~*~ (stealth).
 20711 | D:15     | 20711 ||| Stepping ~*~*~tactically~*~*~ (stealth).
 20717 | D:15     | Found a staircase to the Depths.
 20785 | D:15     | Identified Roxanne's Cyclopedia of Reconstruction
 20785 | D:15     | Noticed Roxanne
 20786 | D:15     | 20786 ||| INVOKING Heroism.
 20787 | D:15     | 20787 ||| INVOKING Finesse.
 20798 | D:15     | Killed Roxanne
 20926 | D:15     | 20926 ||| PLANNING ORC
 21030 | Orc:1    | Entered Level 1 of the Orcish Mines
 21031 | Orc:1    | 21031 ||| STAIRDANCE
 21136 | Orc:1    | 21136 ||| INVOKING Heroism.
 21182 | Orc:1    | You are sucked into a shaft and drop 1 floor!
 21182 | Orc:2    | Entered Level 2 of the Orcish Mines
 21182 | Orc:2    | Found a staircase to the Elven Halls.
 21611 | Orc:2    | Noticed Nessos
 21612 | Orc:2    | 21612 ||| INVOKING Heroism.
 21613 | Orc:2    | 21613 ||| INVOKING Finesse.
 21630 | Orc:2    | Killed Nessos
 21785 | Orc:2    | 21785 ||| INVOKING Heroism.
 21789 | Orc:2    | 21789 ||| Stepping ~*~*~tactically~*~*~ (hiding).
 21790 | Orc:2    | 21790 ||| Stepping ~*~*~tactically~*~*~ (hiding).
 21791 | Orc:2    | 21791 ||| Stepping ~*~*~tactically~*~*~ (hiding).
 21792 | Orc:2    | 21792 ||| Stepping ~*~*~tactically~*~*~ (hiding).
 21811 | Orc:2    | Received a gift from Okawaru
 21829 | Orc:2    | 21829 ||| Stepping ~*~*~tactically~*~*~ (stealth).
 21830 | Orc:2    | 21830 ||| Stepping ~*~*~tactically~*~*~ (stealth).
 21832 | Orc:2    | 21832 ||| Stepping ~*~*~tactically~*~*~ (stealth).
 21845 | Orc:2    | 21845 ||| Stepping ~*~*~tactically~*~*~ (stealth).
 21863 | Orc:2    | Found Wytiw's Weapon Boutique.
 21864 | Orc:2    | 21864 ||| Stepping ~*~*~tactically~*~*~ (hiding).
 21865 | Orc:2    | 21865 ||| Stepping ~*~*~tactically~*~*~ (hiding).
 21877 | Orc:2    | 21877 ||| Stepping ~*~*~tactically~*~*~ (stealth).
 21879 | Orc:2    | 21879 ||| Stepping ~*~*~tactically~*~*~ (stealth).
 21880 | Orc:2    | 21880 ||| Stepping ~*~*~tactically~*~*~ (stealth).
 21885 | Orc:2    | 21885 ||| INVOKING Heroism.
 21896 | Orc:2    | 21896 ||| Stepping ~*~*~tactically~*~*~ (stealth).
 21898 | Orc:2    | 21898 ||| Stepping ~*~*~tactically~*~*~ (stealth).
 21925 | Orc:2    | 21925 ||| Stepping ~*~*~tactically~*~*~ (stealth).
 21956 | Orc:2    | 21956 ||| INVOKING Heroism.
 21964 | Orc:2    | Reached skill level 13 in Fighting
 21971 | Orc:2    | 21971 ||| Stepping ~*~*~tactically~*~*~ (stealth).
 22000 | Orc:2    | 22000 ||| Stepping ~*~*~tactically~*~*~ (stealth).
 22006 | Orc:2    | 22006 ||| Stepping ~*~*~tactically~*~*~ (stealth).
 22035 | Orc:2    | 22035 ||| INVOKING Heroism.
 22049 | Orc:2    | Found Gen Qife's Magic Scroll Shop.
 22050 | Orc:2    | Found Qitir's Antique Weapon Emporium.
 22057 | Orc:2    | 22057 ||| BUYING scroll of enchant armour (97 gold).
 22057 | Orc:2    | Bought a scroll of enchant armour for 97 gold pieces
 22057 | Orc:2    | 22057 ||| READING scroll of enchant armour.
 22057 | Orc:2    | 22057 ||| ENCHANTING +0 pair of boots.
 22186 | Orc:2    | Found Afamon's Assorted Antiques.
 22200 | Orc:2    | 22200 ||| BUYING potion of curing (63 gold).
 22200 | Orc:2    | Bought a potion of curing for 63 gold pieces
 22200 | Orc:2    | 22200 ||| BUYING potion of haste (210 gold).
 22200 | Orc:2    | Bought a potion of haste for 210 gold pieces
 22247 | Orc:2    | 22247 ||| Stepping ~*~*~tactically~*~*~ (stealth).
 22281 | Orc:2    | 22281 ||| Stepping ~*~*~tactically~*~*~ (stealth).
 22404 | Orc:2    | 22404 ||| PLANNING SWAMP:1-3
 22545 | Swamp:1  | Entered Level 1 of the Swamp
 22574 | Swamp:1  | 22574 ||| INVOKING Heroism.
 22638 | Swamp:1  | 22638 ||| INVOKING Heroism.
 22640 | Swamp:1  | 22640 ||| INVOKING Finesse.
 22645 | Swamp:1  | 22645 ||| SWAPPING to +0 war axe of flaming.
 22647 | Swamp:1  | 22647 ||| SWAPPING to +6 spectral war axe.
 22727 | Swamp:1  | 22727 ||| Stepping ~*~*~tactically~*~*~ (hiding).
 22728 | Swamp:1  | 22728 ||| INVOKING Heroism.
 22730 | Swamp:1  | 22730 ||| SWAPPING to +0 war axe of flaming.
 22735 | Swamp:1  | 22735 ||| SWAPPING to +6 spectral war axe.
 22760 | Swamp:1  | 22760 ||| Stepping ~*~*~tactically~*~*~ (hiding).
 22803 | Swamp:1  | 22803 ||| INVOKING Heroism.
 22805 | Swamp:1  | Reached skill level 15 in Armour
 22815 | Swamp:1  | Received a gift from Okawaru
 22935 | Swamp:1  | 22935 ||| INVOKING Heroism.
 22950 | Swamp:1  | Noticed Mlioglotl
 22962 | Swamp:1  | Killed Mlioglotl
 23339 | Swamp:1  | 23339 ||| Stepping ~*~*~tactically~*~*~ (hiding).
 23340 | Swamp:1  | 23340 ||| INVOKING Heroism.
 23367 | Swamp:1  | 23367 ||| Stepping ~*~*~tactically~*~*~ (hiding).
 23415 | Swamp:1  | 23415 ||| INVOKING Heroism.
 23418 | Swamp:1  | 23418 ||| SWAPPING to +0 war axe of flaming.
 23422 | Swamp:1  | 23422 ||| SWAPPING to +6 spectral war axe.
 23700 | Swamp:2  | 23700 ||| Stepping ~*~*~tactically~*~*~ (hiding).
 23703 | Swamp:2  | 23703 ||| INVOKING Heroism.
 23736 | Swamp:2  | 23736 ||| Stepping ~*~*~tactically~*~*~ (hiding).
 23764 | Swamp:2  | 23764 ||| Stepping ~*~*~tactically~*~*~ (hiding).
 23767 | Swamp:2  | 23767 ||| Stepping ~*~*~tactically~*~*~ (hiding).
 23768 | Swamp:2  | 23768 ||| Stepping ~*~*~tactically~*~*~ (hiding).
 23769 | Swamp:2  | 23769 ||| Stepping ~*~*~tactically~*~*~ (hiding).
 24070 | Swamp:2  | Noticed a thorn hunter
 24071 | Swamp:2  | 24071 ||| INVOKING Heroism.
 24081 | Swamp:2  | Killed a thorn hunter
 24082 | Swamp:2  | Reached skill level 14 in Fighting
 24318 | Swamp:3  | 24318 ||| INVOKING Heroism.
 24470 | Swamp:3  | 24470 ||| Stepping ~*~*~tactically~*~*~ (hiding).
 24545 | Swamp:3  | 24545 ||| Stepping ~*~*~tactically~*~*~ (hiding).
 24553 | Swamp:3  | 24553 ||| INVOKING Heroism.
 24798 | Swamp:3  | 24798 ||| PLANNING SNAKE:1-3
 24798 | Swamp:3  | 24798 ||| DROPPING ring of see invisible.
 24799 | Swamp:3  | 24799 ||| UPGRADING to +4 ring of protection.
 24801 | Swamp:3  | 24801 ||| DROPPING +6 ring of dexterity.
 24966 | Snake:1  | Entered Level 1 of the Snake Pit
 24978 | Snake:1  | 24978 ||| Stepping ~*~*~tactically~*~*~ (hiding).
 24986 | Snake:1  | 24986 ||| INVOKING Heroism.
 24991 | Snake:1  | Reached XP level 17. HP: 115/122 MP: 21/24
 25127 | Snake:1  | 25127 ||| Stepping ~*~*~tactically~*~*~ (hiding).
 25216 | Snake:1  | Noticed Josephine
 25222 | Snake:1  | Killed Josephine
 25268 | Snake:1  | 25268 ||| Stepping ~*~*~tactically~*~*~ (hiding).
 25337 | Snake:1  | 25337 ||| Stepping ~*~*~tactically~*~*~ (stealth).
 25342 | Snake:1  | 25342 ||| Stepping ~*~*~tactically~*~*~ (stealth).
 25343 | Snake:1  | 25343 ||| Stepping ~*~*~tactically~*~*~ (stealth).
 25344 | Snake:1  | 25344 ||| Stepping ~*~*~tactically~*~*~ (stealth).
 25345 | Snake:1  | 25345 ||| Stepping ~*~*~tactically~*~*~ (stealth).
 25346 | Snake:1  | 25346 ||| Stepping ~*~*~tactically~*~*~ (stealth).
 25399 | Snake:1  | 25399 ||| Stepping ~*~*~tactically~*~*~ (hiding).
 25475 | Snake:1  | 25475 ||| Stepping ~*~*~tactically~*~*~ (hiding).
 25476 | Snake:1  | 25476 ||| Stepping ~*~*~tactically~*~*~ (hiding).
 25506 | Snake:1  | 25506 ||| Stepping ~*~*~tactically~*~*~ (hiding).
 25624 | Snake:1  | 25624 ||| Stepping ~*~*~tactically~*~*~ (hiding).
 25626 | Snake:1  | 25626 ||| Stepping ~*~*~tactically~*~*~ (hiding).
 25627 | Snake:1  | 25627 ||| Stepping ~*~*~tactically~*~*~ (hiding).
 25629 | Snake:1  | 25629 ||| Stepping ~*~*~tactically~*~*~ (hiding).
 25631 | Snake:1  | 25631 ||| Stepping ~*~*~tactically~*~*~ (hiding).
 25761 | Snake:1  | 25761 ||| Stepping ~*~*~tactically~*~*~ (hiding).
 25872 | Snake:1  | 25872 ||| Stepping ~*~*~tactically~*~*~ (hiding).
 25876 | Snake:1  | 25876 ||| INVOKING Heroism.
 25925 | Snake:1  | Found Wedonyin's Antique Weapon Boutique.
 25934 | Snake:1  | Found Cytwecia's Armour Shop.
 25936 | Snake:1  | Found Xateihog's Antique Armour Boutique.
 25958 | Snake:1  | 25958 ||| Stepping ~*~*~tactically~*~*~ (stealth).
 26351 | Snake:2  | Noticed Donald
 26352 | Snake:2  | 26352 ||| Stepping ~*~*~tactically~*~*~ (stealth).
 26355 | Snake:2  | 26355 ||| INVOKING Heroism.
 26356 | Snake:2  | 26356 ||| INVOKING Finesse.
 26371 | Snake:2  | Killed Donald
 26374 | Snake:2  | 26374 ||| Stepping ~*~*~tactically~*~*~ (stealth).
 26377 | Snake:2  | 26377 ||| Stepping ~*~*~tactically~*~*~ (stealth).
 26380 | Snake:2  | 26380 ||| Stepping ~*~*~tactically~*~*~ (stealth).
 26381 | Snake:2  | 26381 ||| Stepping ~*~*~tactically~*~*~ (stealth).
 26382 | Snake:2  | 26382 ||| Stepping ~*~*~tactically~*~*~ (stealth).
 26387 | Snake:2  | 26387 ||| Stepping ~*~*~tactically~*~*~ (stealth).
 26405 | Snake:2  | 26405 ||| Stepping ~*~*~tactically~*~*~ (hiding).
 26406 | Snake:2  | 26406 ||| Stepping ~*~*~tactically~*~*~ (hiding).
 26425 | Snake:2  | Reached skill level 15 in Fighting
 26515 | Snake:2  | 26515 ||| Stepping ~*~*~tactically~*~*~ (hiding).
 26516 | Snake:2  | 26516 ||| Stepping ~*~*~tactically~*~*~ (hiding).
 26519 | Snake:2  | Received a gift from Okawaru
 26520 | Snake:2  | 26520 ||| Stepping ~*~*~tactically~*~*~ (hiding).
 26647 | Snake:2  | 26647 ||| Stepping ~*~*~tactically~*~*~ (hiding).
 26649 | Snake:2  | 26649 ||| Stepping ~*~*~tactically~*~*~ (hiding).
 26651 | Snake:2  | 26651 ||| Stepping ~*~*~tactically~*~*~ (hiding).
 26831 | Snake:2  | 26831 ||| Stepping ~*~*~tactically~*~*~ (hiding).
 26983 | Snake:3  | Identified the +3 cloak "Udgheg Buul" {Drain rN+ Dex+6
                  | Stlth+} (Okawaru gifted it to you on level 3 of the Snake
                  | Pit)
 26983 | Snake:3  | Received a gift from Okawaru
 27003 | Snake:3  | 27003 ||| Stepping ~*~*~tactically~*~*~ (hiding).
 27004 | Snake:3  | 27004 ||| Stepping ~*~*~tactically~*~*~ (hiding).
 27179 | Snake:3  | 27179 ||| Stepping ~*~*~tactically~*~*~ (hiding).
 27180 | Snake:3  | 27180 ||| Stepping ~*~*~tactically~*~*~ (hiding).
 27190 | Snake:3  | 27190 ||| Stepping ~*~*~tactically~*~*~ (hiding).
 27207 | Snake:3  | 27207 ||| Stepping ~*~*~tactically~*~*~ (hiding).
 27338 | Snake:3  | 27338 ||| INVOKING Heroism.
 27434 | Snake:3  | 27434 ||| Stepping ~*~*~tactically~*~*~ (stealth).
 27539 | Snake:3  | 27539 ||| INVOKING Heroism.
 27729 | Snake:3  | 27729 ||| Stepping ~*~*~tactically~*~*~ (hiding).
 27900 | Snake:3  | 27900 ||| Stepping ~*~*~tactically~*~*~ (stealth).
 28013 | Snake:3  | 28013 ||| Stepping ~*~*~tactically~*~*~ (hiding).
 28111 | Snake:3  | 28111 ||| Stepping ~*~*~tactically~*~*~ (stealth).
 28388 | Snake:3  | 28388 ||| INVOKING Heroism.
 28512 | Snake:3  | 28512 ||| Stepping ~*~*~tactically~*~*~ (hiding).
 28513 | Snake:3  | 28513 ||| Stepping ~*~*~tactically~*~*~ (hiding).
 28517 | Snake:3  | 28517 ||| INVOKING Heroism.
 28633 | Snake:3  | 28633 ||| PLANNING SWAMP:4
 28633 | Snake:3  | 28633 ||| UPGRADING to +3 cloak "Udgheg Buul" {Drain rN+
                  | Dex+6 Stlth+}.
 28643 | Snake:3  | 28643 ||| UPGRADING to +0 tower shield of poison
                  | resistance.
 28653 | Snake:3  | 28653 ||| DROPPING +0 kite shield.
 28654 | Snake:3  | 28654 ||| DROPPING +0 cloak.
 28869 | Swamp:4  | Entered Level 4 of the Swamp
 28879 | Swamp:4  | 28879 ||| Stepping ~*~*~tactically~*~*~ (hiding).
 28889 | Swamp:4  | Reached skill level 15 in Shields
 28905 | Swamp:4  | 28905 ||| INVOKING Heroism.
 28908 | Swamp:4  | 28908 ||| SWAPPING to +0 war axe of flaming.
 28914 | Swamp:4  | 28914 ||| SWAPPING to +6 spectral war axe.
 28919 | Swamp:4  | 28919 ||| Stepping ~*~*~tactically~*~*~ (stealth).
 28922 | Swamp:4  | 28922 ||| Stepping ~*~*~tactically~*~*~ (stealth).
 29012 | Swamp:4  | Reached XP level 18. HP: 130/130 MP: 25/25
 29015 | Swamp:4  | 29015 ||| INVOKING Heroism.
 29023 | Swamp:4  | Identified the +0 pair of gloves "Voynikud" {Rampage +Blink
                  | Int-2} (Okawaru gifted it to you on level 4 of the Swamp)
 29023 | Swamp:4  | Received a gift from Okawaru
 29026 | Swamp:4  | 29026 ||| Stepping ~*~*~tactically~*~*~ (cloud).
 29032 | Swamp:4  | 29032 ||| DROPPING +0 war axe of flaming.
 29035 | Swamp:4  | 29035 ||| Stepping ~*~*~tactically~*~*~ (stealth).
 29043 | Swamp:4  | 29043 ||| Stepping ~*~*~tactically~*~*~ (hiding).
 29044 | Swamp:4  | 29044 ||| Stepping ~*~*~tactically~*~*~ (hiding).
 29045 | Swamp:4  | 29045 ||| Stepping ~*~*~tactically~*~*~ (hiding).
 29082 | Swamp:4  | 29082 ||| Stepping ~*~*~tactically~*~*~ (hiding).
 29194 | Swamp:4  | 29194 ||| Stepping ~*~*~tactically~*~*~ (hiding).
 29244 | Swamp:4  | 29244 ||| Stepping ~*~*~tactically~*~*~ (stealth).
 29246 | Swamp:4  | 29246 ||| INVOKING Heroism.
 29272 | Swamp:4  | 29272 ||| Stepping ~*~*~tactically~*~*~ (hiding).
 29308 | Swamp:4  | 29308 ||| Stepping ~*~*~tactically~*~*~ (stealth).
 29316 | Swamp:4  | 29316 ||| Stepping ~*~*~tactically~*~*~ (stealth).
 29427 | Swamp:4  | 29427 ||| Stepping ~*~*~tactically~*~*~ (hiding).
 29593 | Swamp:4  | 29593 ||| Stepping ~*~*~tactically~*~*~ (stealth).
 29598 | Swamp:4  | 29598 ||| INVOKING Heroism.
 29617 | Swamp:4  | 29617 ||| Stepping ~*~*~tactically~*~*~ (stealth).
 29656 | Swamp:4  | 29656 ||| Stepping ~*~*~tactically~*~*~ (stealth).
 29673 | Swamp:4  | 29673 ||| FLEEEEING.
 29674 | Swamp:4  | 29674 ||| FLEEEEING.
 29675 | Swamp:4  | 29675 ||| FLEEEEING.
 29676 | Swamp:4  | 29676 ||| Stepping ~*~*~tactically~*~*~ (hiding).
 29677 | Swamp:4  | 29677 ||| Stepping ~*~*~tactically~*~*~ (hiding).
 29699 | Swamp:4  | 29699 ||| Stepping ~*~*~tactically~*~*~ (stealth).
 29701 | Swamp:4  | 29701 ||| Stepping ~*~*~tactically~*~*~ (stealth).
 29727 | Swamp:4  | 29727 ||| FLEEEEING.
 29730 | Swamp:4  | 29730 ||| STAIRDANCE
 29738 | Swamp:3  | 29738 ||| DROPPING +0 pair of gloves "Voynikud" {Rampage
                  | +Blink Int-2}.
 29757 | Swamp:4  | 29757 ||| Stepping ~*~*~tactically~*~*~ (hiding).
 29761 | Swamp:4  | 29761 ||| INVOKING Heroism.
 29762 | Swamp:4  | 29762 ||| INVOKING Finesse.
 29781 | Swamp:4  | 29781 ||| Stepping ~*~*~tactically~*~*~ (stealth).
 29825 | Swamp:4  | 29825 ||| Stepping ~*~*~tactically~*~*~ (stealth).
 29889 | Swamp:4  | 29889 ||| INVOKING Heroism.
 29890 | Swamp:4  | 29890 ||| INVOKING Finesse.
 29899 | Swamp:4  | 29899 ||| Stepping ~*~*~tactically~*~*~ (hiding).
 29905 | Swamp:4  | Found a blossoming altar of Fedhas.
 29920 | Swamp:4  | HP: 32/130 [swamp dragon skeleton (4)]
 29921 | Swamp:4  | 29921 ||| READING 9 scrolls of teleportation.
 29922 | Swamp:4  | 29922 ||| DRINKING 7 potions of heal wounds.
 30195 | Swamp:4  | Found a basalt altar of Yredelemnul.
 30209 | Swamp:4  | Got a decaying rune of Zot
 30233 | Swamp:4  | 30233 ||| INVOKING Heroism.
 30234 | Swamp:4  | 30234 ||| INVOKING Finesse.
 30235 | Swamp:4  | 30235 ||| INVOKING Finesse.
 30376 | Swamp:4  | 30376 ||| PLANNING VAULTS:1-4
 30621 | Vaults:1 | Entered Level 1 of the Vaults
 30622 | Vaults:1 | 30622 ||| PLANNING WIZLAB
 30637 | Vaults:1 | 30637 ||| INVOKING Heroism.
 30820 | Vaults:1 | 30820 ||| INVOKING Heroism.
 30822 | Vaults:1 | Received a gift from Okawaru
 30931 | Vaults:1 | 30931 ||| Stepping ~*~*~tactically~*~*~ (hiding).
 30959 | Vaults:1 | Reached skill level 6 in Throwing
 30959 | Vaults:1 | 30959 ||| INVOKING Heroism.
 30966 | Vaults:1 | Reached skill level 18 in Shields
 31161 | Vaults:1 | 31161 ||| FLEEEEING.
 31162 | Vaults:1 | 31162 ||| FLEEEEING.
 31165 | Vaults:1 | 31165 ||| FLEEEEING.
 31167 | Vaults:1 | 31167 ||| FLEEEEING.
 31170 | Vaults:1 | 31170 ||| FLEEEEING.
 31171 | Vaults:1 | 31171 ||| FLEEEEING.
 31172 | Vaults:1 | 31172 ||| FLEEEEING.
 31175 | Vaults:1 | 31175 ||| FLEEEEING.
 31176 | Vaults:1 | 31176 ||| FLEEEEING.
 31177 | Vaults:1 | 31177 ||| STAIRDANCE
 31280 | Vaults:1 | 31280 ||| RIP WIZLAB
 31281 | Vaults:1 | 31281 ||| PLANNING VAULTS:1-4
 31323 | Vaults:1 | 31323 ||| Stepping ~*~*~tactically~*~*~ (hiding).
 31324 | Vaults:1 | 31324 ||| Stepping ~*~*~tactically~*~*~ (hiding).
 31326 | Vaults:1 | 31326 ||| Stepping ~*~*~tactically~*~*~ (hiding).
 31328 | Vaults:1 | 31328 ||| Stepping ~*~*~tactically~*~*~ (hiding).
 31329 | Vaults:1 | 31329 ||| INVOKING Heroism.
 31471 | Vaults:1 | Received a gift from Okawaru
 31535 | Vaults:1 | 31535 ||| Stepping ~*~*~tactically~*~*~ (stealth).
 31538 | Vaults:1 | 31538 ||| INVOKING Heroism.
 31551 | Vaults:1 | Reached skill level 6 in Dodging
 31644 | Vaults:1 | Found a transporter.
 31647 | Vaults:1 | Found Orhuog's Weapon Shop.
 31683 | Vaults:1 | 31683 ||| READING scroll of enchant armour.
 31683 | Vaults:1 | 31683 ||| ENCHANTING +1 pair of boots.
 31797 | Vaults:1 | 31797 ||| Stepping ~*~*~tactically~*~*~ (hiding).
 31848 | Vaults:1 | 31848 ||| Stepping ~*~*~tactically~*~*~ (hiding).
 31849 | Vaults:1 | 31849 ||| Stepping ~*~*~tactically~*~*~ (hiding).
 31850 | Vaults:1 | 31850 ||| Stepping ~*~*~tactically~*~*~ (hiding).
 31855 | Vaults:1 | 31855 ||| INVOKING Heroism.
 31859 | Vaults:1 | Identified the +1 cloak of the Butterfly {-Tele Harm rPois
                  | Str+3} (Okawaru gifted it to you on level 1 of the Vaults)
 31859 | Vaults:1 | Received a gift from Okawaru
 31999 | Vaults:1 | Found a transporter.
 32199 | Vaults:1 | 32199 ||| DROPPING +1 cloak of the Butterfly {-Tele Harm
                  | rPois Str+3}.
 32258 | Vaults:2 | Noticed Mara
 32259 | Vaults:2 | 32259 ||| Stepping ~*~*~tactically~*~*~ (hiding).
 32261 | Vaults:2 | 32261 ||| INVOKING Heroism.
 32262 | Vaults:2 | 32262 ||| INVOKING Finesse.
 32264 | Vaults:2 | Noticed qw's illusion
 32308 | Vaults:2 | Noticed qw's illusion
 32314 | Vaults:2 | Noticed qw's illusion
 32343 | Vaults:2 | 32343 ||| INVOKING Heroism.
 32348 | Vaults:2 | Noticed qw's illusion
 32356 | Vaults:2 | Killed Mara
 32357 | Vaults:2 | Reached XP level 19. HP: 53/136 MP: 24/26
 32642 | Vaults:2 | 32642 ||| INVOKING Heroism.
 32656 | Vaults:2 | Identified the +5 war axe of the Fresh God {freeze, rPois}
                  | (Okawaru gifted it to you on level 2 of the Vaults)
 32656 | Vaults:2 | Received a gift from Okawaru
 32678 | Vaults:2 | HP: 29/137 [vault warden/+2 battleaxe of venom (11)]
 32679 | Vaults:2 | 32679 ||| READING 9 scrolls of teleportation.
 32680 | Vaults:2 | 32680 ||| DRINKING 6 potions of heal wounds.
 32681 | Vaults:2 | 32681 ||| INVOKING Heroism.
 32684 | Vaults:2 | 32684 ||| Stepping ~*~*~tactically~*~*~ (hiding).
 32691 | Vaults:2 | HP: 33/137 [sphinx/divine providence (14)]
 32692 | Vaults:2 | 32692 ||| READING 8 scrolls of teleportation.
 32693 | Vaults:2 | 32693 ||| DRINKING 5 potions of heal wounds.
 32715 | Vaults:2 | Reached skill level 16 in Fighting
 32727 | Vaults:2 | 32727 ||| INVOKING Heroism.
 32728 | Vaults:2 | HP: 24/137 [vault warden/+3 heavy great sword (12)]
 32729 | Vaults:2 | 32729 ||| READING 7 scrolls of teleportation.
 32730 | Vaults:2 | 32730 ||| DRINKING 4 potions of heal wounds.
 32732 | Vaults:2 | 32732 ||| DRINKING 3 potions of heal wounds.
 32740 | Vaults:2 | 32740 ||| Stepping ~*~*~tactically~*~*~ (stealth).
 32744 | Vaults:2 | Received a gift from Okawaru
 32804 | Vaults:2 | 32804 ||| Stepping ~*~*~tactically~*~*~ (stealth).
 32806 | Vaults:2 | 32806 ||| INVOKING Heroism.
 32870 | Vaults:2 | 32870 ||| INVOKING Heroism.
 33023 | Vaults:2 | Identified the +7 trident "Ruh Pos" {speed, rF+} (Okawaru
                  | gifted it to you on level 2 of the Vaults)
 33023 | Vaults:2 | Received a gift from Okawaru
 33127 | Vaults:2 | 33127 ||| Stepping ~*~*~tactically~*~*~ (hiding).
 33129 | Vaults:2 | 33129 ||| Stepping ~*~*~tactically~*~*~ (hiding).
 33130 | Vaults:2 | 33130 ||| Stepping ~*~*~tactically~*~*~ (hiding).
 33131 | Vaults:2 | 33131 ||| Stepping ~*~*~tactically~*~*~ (hiding).
 33153 | Vaults:2 | 33153 ||| Stepping ~*~*~tactically~*~*~ (stealth).
 33161 | Vaults:2 | 33161 ||| Stepping ~*~*~tactically~*~*~ (stealth).
 33177 | Vaults:2 | 33177 ||| INVOKING Heroism.
 33178 | Vaults:2 | 33178 ||| INVOKING Finesse.
 33179 | Vaults:2 | 33179 ||| INVOKING Finesse.
 33258 | Vaults:2 | 33258 ||| Stepping ~*~*~tactically~*~*~ (stealth).
 33340 | Vaults:2 | Identified the +10 dagger "Umoesyg" {freeze, *Corrode rN+
                  | Dex+2 Stlth+}
 33382 | Vaults:2 | Reached skill level 18 in Armour
 33394 | Vaults:2 | 33394 ||| INVOKING Heroism.
 33430 | Vaults:2 | Received a gift from Okawaru
 33437 | Vaults:2 | 33437 ||| INVOKING Heroism.
 33466 | Vaults:2 | HP: 9/137 [ancient champion/iron shot (50)]
 33467 | Vaults:2 | 33467 ||| READING 7 scrolls of teleportation.
 33468 | Vaults:2 | 33468 ||| DRINKING 2 potions of heal wounds.
 33767 | Vaults:2 | Found a staircase to the Crypt.
 33779 | Vaults:2 | 33779 ||| INVOKING Heroism.
 33789 | Vaults:2 | Received a gift from Okawaru
 34310 | Vaults:3 | 34310 ||| Stepping ~*~*~tactically~*~*~ (hiding).
 34353 | Vaults:3 | 34353 ||| Stepping ~*~*~tactically~*~*~ (stealth).
 34367 | Vaults:3 | 34367 ||| Stepping ~*~*~tactically~*~*~ (stealth).
 34368 | Vaults:3 | 34368 ||| Stepping ~*~*~tactically~*~*~ (stealth).
 34387 | Vaults:3 | 34387 ||| FLEEEEING.
 34496 | Vaults:3 | 34496 ||| Stepping ~*~*~tactically~*~*~ (stealth).
 34498 | Vaults:3 | 34498 ||| Stepping ~*~*~tactically~*~*~ (stealth).
 34510 | Vaults:3 | 34510 ||| FLEEEEING.
 34511 | Vaults:3 | 34511 ||| FLEEEEING.
 34512 | Vaults:3 | 34512 ||| FLEEEEING.
 34513 | Vaults:3 | 34513 ||| FLEEEEING.
 34514 | Vaults:3 | 34514 ||| FLEEEEING.
 34515 | Vaults:3 | 34515 ||| FLEEEEING.
 34516 | Vaults:3 | 34516 ||| FLEEEEING.
 34517 | Vaults:3 | 34517 ||| FLEEEEING.
 34532 | Vaults:3 | 34532 ||| FLEEEEING.
 34533 | Vaults:3 | 34533 ||| FLEEEEING.
 34534 | Vaults:3 | 34534 ||| FLEEEEING.
 34535 | Vaults:3 | 34535 ||| FLEEEEING.
 34536 | Vaults:3 | 34536 ||| FLEEEEING.
 34537 | Vaults:3 | 34537 ||| FLEEEEING.
 34538 | Vaults:3 | 34538 ||| FLEEEEING.
 34539 | Vaults:3 | 34539 ||| FLEEEEING.
 34540 | Vaults:3 | 34540 ||| FLEEEEING.
 34541 | Vaults:3 | 34541 ||| FLEEEEING.
 34542 | Vaults:3 | 34542 ||| FLEEEEING.
 34547 | Vaults:3 | 34547 ||| FLEEEEING.
 34550 | Vaults:3 | 34550 ||| FLEEEEING.
 34551 | Vaults:3 | 34551 ||| FLEEEEING.
 34552 | Vaults:3 | 34552 ||| FLEEEEING.
 34553 | Vaults:3 | 34553 ||| FLEEEEING.
 34554 | Vaults:3 | 34554 ||| FLEEEEING.
 34555 | Vaults:3 | 34555 ||| FLEEEEING.
 34556 | Vaults:3 | 34556 ||| FLEEEEING.
 34564 | Vaults:3 | Identified the +1 hat of Zouw {rF+ rCorr} (Okawaru gifted
                  | it to you on level 3 of the Vaults)
 34564 | Vaults:3 | Received a gift from Okawaru
 34581 | Vaults:3 | 34581 ||| INVOKING Heroism.
 34584 | Vaults:3 | Reached skill level 17 in Fighting
 34669 | Vaults:3 | 34669 ||| INVOKING Heroism.
 34900 | Vaults:3 | Reached XP level 20. HP: 147/147 MP: 27/27
 34928 | Vaults:3 | Found Ifawyudee's Armour Boutique.
 34932 | Vaults:3 | 34932 ||| BUYING +0 ring mail of Hide-and-Seek {rC- rCorr
                  | Slay+2 SInv} (288 gold).
 34932 | Vaults:3 | Bought the +0 ring mail of Hide-and-Seek {rC- rCorr Slay+2
                  | SInv} for 288 gold pieces
 35742 | Vaults:3 | 35742 ||| UPGRADING to +1 hat of Zouw {rF+ rCorr}.
 35793 | Vaults:4 | 35793 ||| PLANNING DESOLATION
 35793 | Vaults:4 | 35793 ||| Stepping ~*~*~tactically~*~*~ (hiding).
 35817 | Vaults:4 | 35817 ||| Stepping ~*~*~tactically~*~*~ (hiding).
 35940 | Vaults:4 | 35940 ||| FLEEEEING.
 35941 | Vaults:4 | 35941 ||| FLEEEEING.
 35942 | Vaults:4 | 35942 ||| FLEEEEING.
 35943 | Vaults:4 | 35943 ||| FLEEEEING.
 35944 | Vaults:4 | 35944 ||| FLEEEEING.
 35945 | Vaults:4 | 35945 ||| FLEEEEING.
 35946 | Vaults:4 | 35946 ||| FLEEEEING.
 35947 | Vaults:4 | 35947 ||| FLEEEEING.
 35948 | Vaults:4 | 35948 ||| FLEEEEING.
 35949 | Vaults:4 | 35949 ||| FLEEEEING.
 35950 | Vaults:4 | 35950 ||| FLEEEEING.
 35952 | Vaults:4 | 35952 ||| FLEEEEING.
 35953 | Vaults:4 | 35953 ||| FLEEEEING.
 35954 | Vaults:4 | 35954 ||| FLEEEEING.
 35955 | Vaults:4 | 35955 ||| FLEEEEING.
 35956 | Vaults:4 | 35956 ||| FLEEEEING.
 35957 | Vaults:4 | 35957 ||| FLEEEEING.
 35958 | Vaults:4 | 35958 ||| FLEEEEING.
 35959 | Vaults:4 | 35959 ||| FLEEEEING.
 35960 | Vaults:4 | 35960 ||| FLEEEEING.
 35965 | Vaults:4 | 35965 ||| Stepping ~*~*~tactically~*~*~ (stealth).
 35985 | Vaults:4 | Reached skill level 9 in Throwing
 36160 | Vaults:4 | 36160 ||| Stepping ~*~*~tactically~*~*~ (hiding).
 36161 | Vaults:4 | 36161 ||| INVOKING Heroism.
 36162 | Vaults:4 | 36162 ||| INVOKING Finesse.
 36179 | Vaults:4 | Received a gift from Okawaru
 36246 | Vaults:4 | 36246 ||| Stepping ~*~*~tactically~*~*~ (hiding).
 36271 | Vaults:4 | Received a gift from Okawaru
 36335 | Vaults:4 | 36335 ||| Stepping ~*~*~tactically~*~*~ (hiding).
 36336 | Vaults:4 | 36336 ||| Stepping ~*~*~tactically~*~*~ (hiding).
 36421 | Vaults:4 | 36421 ||| Stepping ~*~*~tactically~*~*~ (hiding).
 36428 | Vaults:4 | Received a gift from Okawaru
 36563 | Vaults:4 | 36563 ||| RIP DESOLATION
 36564 | Vaults:4 | 36564 ||| PLANNING VAULTS:1-4
 36615 | Vaults:4 | Received a gift from Okawaru
 36715 | Vaults:4 | 36715 ||| INVOKING Heroism.
 36753 | Vaults:4 | 36753 ||| Stepping ~*~*~tactically~*~*~ (stealth).
 36762 | Vaults:4 | 36762 ||| Stepping ~*~*~tactically~*~*~ (stealth).
 36943 | Vaults:4 | 36943 ||| Stepping ~*~*~tactically~*~*~ (hiding).
 37117 | Vaults:4 | 37117 ||| Stepping ~*~*~tactically~*~*~ (hiding).
 37127 | Vaults:4 | Received a gift from Okawaru
 37139 | Vaults:4 | 37139 ||| Stepping ~*~*~tactically~*~*~ (hiding).
 37150 | Vaults:4 | 37150 ||| DRINKING 13 potions of curing.
 37150 | Vaults:4 | 37150 ||| (to cure confusion)
 37163 | Vaults:4 | Received a gift from Okawaru
 37216 | Vaults:4 | 37216 ||| Stepping ~*~*~tactically~*~*~ (hiding).
 37217 | Vaults:4 | 37217 ||| Stepping ~*~*~tactically~*~*~ (hiding).
 37220 | Vaults:4 | 37220 ||| INVOKING Heroism.
 37234 | Vaults:4 | 37234 ||| Stepping ~*~*~tactically~*~*~ (hiding).
 37259 | Vaults:4 | Identified the +0 hat "Qois" {Stlth+}
 37268 | Vaults:4 | Found a radiant altar of Vehumet.
 37356 | Vaults:4 | Received a gift from Okawaru
 37440 | Vaults:4 | Found Sevepak's Armour Emporium.
 37441 | Vaults:4 | 37441 ||| Stepping ~*~*~tactically~*~*~ (hiding).
 37556 | Vaults:4 | 37556 ||| BUYING +0 pair of gloves of strength (264 gold).
 37556 | Vaults:4 | Bought a +0 pair of gloves of strength for 264 gold pieces
 37745 | Vaults:4 | 37745 ||| Stepping ~*~*~tactically~*~*~ (stealth).
 37763 | Vaults:4 | Received a gift from Okawaru
 37795 | Vaults:4 | 37795 ||| SWAPPING to +2 vampiric broad axe.
 37968 | Vaults:4 | 37968 ||| PLANNING SNAKE:4
 37968 | Vaults:4 | 37968 ||| DROPPING +1 pair of gloves of hurling.
 37969 | Vaults:4 | 37969 ||| DROPPING +0 hat "Qois" {Stlth+}.
 37970 | Vaults:4 | 37970 ||| DROPPING +1 hat.
 37971 | Vaults:4 | 37971 ||| DROPPING +1 hat.
 37972 | Vaults:4 | 37972 ||| DROPPING +2 hat.
 37973 | Vaults:4 | 37973 ||| UPGRADING to +2 hat of willpower.
 38277 | Snake:4  | Entered Level 4 of the Snake Pit
 38363 | Snake:4  | 38363 ||| FLEEEEING.
 38424 | Snake:4  | Received a gift from Okawaru
 38425 | Snake:4  | Reached XP level 21. HP: 154/154 MP: 28/28
 38442 | Snake:4  | Identified the +0 pair of boots "Cedgh" {Fly MP+9 Str+4}
                  | (Okawaru gifted it to you on level 4 of the Snake Pit)
 38442 | Snake:4  | Received a gift from Okawaru
 38579 | Snake:4  | 38579 ||| Stepping ~*~*~tactically~*~*~ (hiding).
 38964 | Snake:4  | 38964 ||| FLEEEEING.
 38972 | Snake:4  | 38972 ||| Stepping ~*~*~tactically~*~*~ (hiding).
 38974 | Snake:4  | 38974 ||| Stepping ~*~*~tactically~*~*~ (hiding).
 39012 | Snake:4  | 39012 ||| Stepping ~*~*~tactically~*~*~ (stealth).
 39100 | Snake:4  | 39100 ||| Stepping ~*~*~tactically~*~*~ (stealth).
 39252 | Snake:4  | Got a serpentine rune of Zot
 39296 | Snake:4  | 39296 ||| Stepping ~*~*~tactically~*~*~ (hiding).
 39422 | Snake:4  | 39422 ||| Stepping ~*~*~tactically~*~*~ (hiding).
 39423 | Snake:4  | 39423 ||| Stepping ~*~*~tactically~*~*~ (hiding).
 39424 | Snake:4  | 39424 ||| Stepping ~*~*~tactically~*~*~ (hiding).
 39474 | Snake:4  | Found Golost's Overcharged Wands.
 39575 | Snake:4  | 39575 ||| Stepping ~*~*~tactically~*~*~ (hiding).
 39579 | Snake:4  | 39579 ||| Stepping ~*~*~tactically~*~*~ (hiding).
 39580 | Snake:4  | 39580 ||| Stepping ~*~*~tactically~*~*~ (hiding).
 39659 | Snake:4  | Reached skill level 18 in Axes
 39784 | Snake:4  | 39784 ||| Stepping ~*~*~tactically~*~*~ (hiding).
 39807 | Snake:4  | 39807 ||| Stepping ~*~*~tactically~*~*~ (hiding).
 39947 | Snake:4  | 39947 ||| PLANNING DEPTHS
 39947 | Snake:4  | 39947 ||| UPGRADING to +0 pair of boots "Cedgh" {Fly MP+9
                  | Str+4}.
 39957 | Snake:4  | 39957 ||| DROPPING +2 pair of boots.
 40249 | Depths:1 | Entered Level 1 of the Depths
 40358 | Depths:1 | Identified the +7 gold dragon scales of the Little Devil
                  | {rPois rF+ rC+ Str+6 Stlth+} (Okawaru gifted it to you on
                  | level 1 of the Depths)
 40358 | Depths:1 | Received a gift from Okawaru
 40405 | Depths:1 | 40405 ||| Stepping ~*~*~tactically~*~*~ (hiding).
 40422 | Depths:1 | 40422 ||| Stepping ~*~*~tactically~*~*~ (hiding).
 40521 | Depths:1 | 40521 ||| INVOKING Finesse.
 40533 | Depths:1 | 40533 ||| INVOKING Heroism.
 40539 | Depths:1 | Reached skill level 18 in Fighting
 40649 | Depths:1 | 40649 ||| INVOKING Heroism.
 40650 | Depths:1 | 40650 ||| INVOKING Finesse.
 40687 | Depths:1 | Found Zin's Purification Station.
 40689 | Depths:1 | Found a glowing silver altar of Zin.
 40695 | Depths:1 | 40695 ||| BUYING potion of curing (90 gold).
 40695 | Depths:1 | Bought a potion of curing for 90 gold pieces
 40715 | Depths:1 | Found a gateway to Hell.
 40756 | Depths:1 | 40756 ||| READING scroll of enchant weapon.
 40756 | Depths:1 | 40756 ||| ENCHANTING +2 vampiric broad axe.
 40904 | Depths:1 | 40904 ||| INVOKING Heroism.
 40905 | Depths:1 | 40905 ||| INVOKING Finesse.
 40907 | Depths:1 | Noticed Louise
 40935 | Depths:1 | Killed Louise
 40955 | Depths:1 | Found a one-way gate to the infinite horrors of the Abyss.
 40992 | Depths:1 | 40992 ||| INVOKING Heroism.
 40993 | Depths:1 | 40993 ||| INVOKING Finesse.
 41067 | Depths:1 | 41067 ||| UPGRADING to +7 gold dragon scales of the Little
                  | Devil {rPois rF+ rC+ Str+6 Stlth+}.
 41077 | Depths:1 | 41077 ||| DROPPING +3 gold dragon scales of the Vestibule
                  | of Hell {+Blink rPois rF+ rC+ SInv}.
 41078 | Depths:1 | 41078 ||| DROPPING ring of fire.
 41079 | Depths:1 | 41079 ||| DROPPING ring of wizardry.
 41133 | Depths:2 | 41133 ||| INVOKING Heroism.
 41147 | Depths:2 | Reached skill level 9 in Dodging
 41175 | Depths:2 | 41175 ||| Stepping ~*~*~tactically~*~*~ (hiding).
 41185 | Depths:2 | 41185 ||| INVOKING Heroism.
 41431 | Depths:2 | 41431 ||| Stepping ~*~*~tactically~*~*~ (hiding).
 41432 | Depths:2 | 41432 ||| Stepping ~*~*~tactically~*~*~ (hiding).
 41436 | Depths:2 | 41436 ||| INVOKING Finesse.
 41484 | Depths:2 | 41484 ||| INVOKING Heroism.
 41501 | Depths:2 | 41501 ||| Stepping ~*~*~tactically~*~*~ (hiding).
 41670 | Depths:2 | 41670 ||| INVOKING Heroism.
 41677 | Depths:2 | Reached XP level 22. HP: 144/162 MP: 29/29
 41713 | Depths:2 | Found Zutyohax's Magic Scroll Emporium.
 41716 | Depths:2 | 41716 ||| BUYING scroll of enchant weapon (90 gold).
 41716 | Depths:2 | Bought a scroll of enchant weapon for 90 gold pieces
 41716 | Depths:2 | 41716 ||| BUYING scroll of enchant weapon (90 gold).
 41716 | Depths:2 | Bought a scroll of enchant weapon for 90 gold pieces
 41716 | Depths:2 | 41716 ||| READING 2 scrolls of enchant weapon.
 41716 | Depths:2 | 41716 ||| ENCHANTING +3 vampiric broad axe.
 41717 | Depths:2 | 41717 ||| READING scroll of enchant weapon.
 41717 | Depths:2 | 41717 ||| ENCHANTING +4 vampiric broad axe.
 41790 | Depths:2 | 41790 ||| Stepping ~*~*~tactically~*~*~ (hiding).
 41859 | Depths:2 | Found a one-way gateway to a ziggurat.
 41875 | Depths:2 | 41875 ||| Stepping ~*~*~tactically~*~*~ (hiding).
 41876 | Depths:2 | 41876 ||| Stepping ~*~*~tactically~*~*~ (hiding).
 41880 | Depths:2 | 41880 ||| Stepping ~*~*~tactically~*~*~ (hiding).
 41913 | Depths:2 | 41913 ||| INVOKING Heroism.
 41928 | Depths:2 | Reached skill level 19 in Fighting
 41940 | Depths:2 | Received a gift from Okawaru
 42037 | Depths:2 | Found a corrupted altar of Lugonu.
 42112 | Depths:2 | Received a gift from Okawaru
 42203 | Depths:2 | 42203 ||| Stepping ~*~*~tactically~*~*~ (hiding).
 42214 | Depths:2 | 42214 ||| Stepping ~*~*~tactically~*~*~ (hiding).
 42252 | Depths:2 | Found a one-way gate leading to the halls of Pandemonium.
 42285 | Depths:2 | Found a shimmering altar of Xom.
 42349 | Depths:2 | 42349 ||| UPGRADING to +5 ring of evasion.
 42351 | Depths:2 | 42351 ||| DROPPING +6 ring of strength.
 42352 | Depths:2 | 42352 ||| DROPPING ring of see invisible.
 42356 | Depths:3 | You are sucked into a shaft and drop 1 floor!
 42356 | Depths:4 | Entered Level 4 of the Depths
 42356 | Depths:4 | Noticed a caustic shrike
 42356 | Depths:4 | Noticed a caustic shrike
 42356 | Depths:4 | Noticed a caustic shrike
 42356 | Depths:4 | Noticed a caustic shrike
 42357 | Depths:4 | 42357 ||| INVOKING Heroism.
 42358 | Depths:4 | 42358 ||| INVOKING Finesse.
 42364 | Depths:4 | Killed a caustic shrike
 42368 | Depths:4 | Killed a caustic shrike
 42369 | Depths:4 | Killed a caustic shrike
 42385 | Depths:4 | Killed a caustic shrike
 42522 | Depths:4 | 42522 ||| INVOKING Heroism.
 42523 | Depths:4 | 42523 ||| INVOKING Finesse.
 42544 | Depths:4 | Received a gift from Okawaru
 42596 | Depths:4 | Received a gift from Okawaru
 42614 | Depths:4 | Identified the +2 scale mail of Happiness {rC+ Regen+ Str-2
                  | Stlth+}
 42768 | Depths:3 | 42768 ||| Stepping ~*~*~tactically~*~*~ (stealth).
 42769 | Depths:3 | 42769 ||| Stepping ~*~*~tactically~*~*~ (stealth).
 42770 | Depths:3 | 42770 ||| INVOKING Heroism.
 42775 | Depths:3 | Received a gift from Okawaru
 42783 | Depths:3 | 42783 ||| Stepping ~*~*~tactically~*~*~ (stealth).
 42785 | Depths:3 | 42785 ||| Stepping ~*~*~tactically~*~*~ (hiding).
 42798 | Depths:3 | 42798 ||| Stepping ~*~*~tactically~*~*~ (stealth).
 42799 | Depths:3 | Noticed a juggernaut
 42800 | Depths:3 | 42800 ||| Stepping ~*~*~tactically~*~*~ (hiding).
 42801 | Depths:3 | 42801 ||| INVOKING Finesse.
 42810 | Depths:3 | Killed a juggernaut
 42821 | Depths:3 | Noticed a golden dragon
 42822 | Depths:3 | 42822 ||| INVOKING Heroism.
 42830 | Depths:3 | Noticed a caustic shrike
 42831 | Depths:3 | Killed a golden dragon
 42842 | Depths:3 | Killed a caustic shrike
 42847 | Depths:3 | Noticed a caustic shrike
 42859 | Depths:3 | Killed a caustic shrike
 42866 | Depths:3 | 42866 ||| INVOKING Heroism.
 42873 | Depths:3 | Received a gift from Okawaru
 42879 | Depths:3 | Noticed a golden dragon
 42909 | Depths:3 | Received a gift from Okawaru
 42914 | Depths:3 | Killed a golden dragon
 42924 | Depths:3 | Received a gift from Okawaru
 42946 | Depths:3 | 42946 ||| Stepping ~*~*~tactically~*~*~ (hiding).
 42949 | Depths:3 | 42949 ||| Stepping ~*~*~tactically~*~*~ (hiding).
 43036 | Depths:3 | 43036 ||| Stepping ~*~*~tactically~*~*~ (stealth).
 43039 | Depths:3 | 43039 ||| Stepping ~*~*~tactically~*~*~ (stealth).
 43041 | Depths:3 | 43041 ||| Stepping ~*~*~tactically~*~*~ (hiding).
 43043 | Depths:3 | 43043 ||| Stepping ~*~*~tactically~*~*~ (hiding).
 43087 | Depths:3 | 43087 ||| READING scroll of enchant weapon.
 43087 | Depths:3 | 43087 ||| ENCHANTING +5 vampiric broad axe.
 43088 | Depths:3 | 43088 ||| DROPPING +6 spectral war axe.
 43111 | Depths:3 | 43111 ||| Stepping ~*~*~tactically~*~*~ (stealth).
 43131 | Depths:3 | 43131 ||| INVOKING Finesse.
 43180 | Depths:3 | 43180 ||| INVOKING Finesse.
 43181 | Depths:3 | 43181 ||| INVOKING Finesse.
 43195 | Depths:3 | Reached XP level 23. HP: 171/171 MP: 30/30
 43201 | Depths:3 | 43201 ||| INVOKING Heroism.
 43218 | Depths:3 | 43218 ||| Stepping ~*~*~tactically~*~*~ (hiding).
 43222 | Depths:3 | 43222 ||| Stepping ~*~*~tactically~*~*~ (hiding).
 43224 | Depths:3 | 43224 ||| Stepping ~*~*~tactically~*~*~ (hiding).
 43245 | Depths:3 | Reached skill level 20 in Fighting
 43506 | Depths:3 | 43506 ||| Stepping ~*~*~tactically~*~*~ (stealth).
 43508 | Depths:3 | 43508 ||| Stepping ~*~*~tactically~*~*~ (stealth).
 43510 | Depths:3 | 43510 ||| Stepping ~*~*~tactically~*~*~ (hiding).
 43572 | Depths:3 | 43572 ||| Stepping ~*~*~tactically~*~*~ (hiding).
 43574 | Depths:3 | 43574 ||| Stepping ~*~*~tactically~*~*~ (hiding).
 43580 | Depths:3 | Received a gift from Okawaru
 43599 | Depths:3 | 43599 ||| Stepping ~*~*~tactically~*~*~ (hiding).
 43610 | Depths:3 | 43610 ||| Stepping ~*~*~tactically~*~*~ (hiding).
 43832 | Depths:3 | 43832 ||| INVOKING Finesse.
 43837 | Depths:3 | 43837 ||| INVOKING Heroism.
 43981 | Depths:3 | Found a snail-covered altar of Cheibriados.
 43982 | Depths:3 | 43982 ||| INVOKING Heroism.
 44380 | Depths:3 | 44380 ||| DROPPING ring of fire.
 44405 | Depths:4 | Found a gateway to a bazaar.
 44406 | Depths:4 | 44406 ||| PLANNING BAZAAR
 44409 | Bazaar   | Entered a bazaar
 44409 | Bazaar   | Found Zoiguaw's Assorted Antiques.
 44409 | Bazaar   | Found Irommemp's Armour Emporium.
 44409 | Bazaar   | Found Goagywux's Antique Armour Shop.
 44409 | Bazaar   | Found Toemiuno's Armour Shoppe.
 44411 | Bazaar   | Found Ceceteuf's Weapon Shoppe.
 44413 | Bazaar   | 44413 ||| BUYING potion of curing (69 gold).
 44413 | Bazaar   | Bought a potion of curing for 69 gold pieces
 44413 | Bazaar   | 44413 ||| BUYING potion of heal wounds (115 gold).
 44413 | Bazaar   | Bought a potion of heal wounds for 115 gold pieces
 44413 | Bazaar   | 44413 ||| BUYING twisted bronze ring (115 gold).
 44413 | Bazaar   | Bought a twisted bronze ring for 115 gold pieces
 44416 | Bazaar   | 44416 ||| BUYING pair of encrusted boots (228 gold).
 44416 | Bazaar   | Bought a pair of encrusted boots for 228 gold pieces
 44416 | Bazaar   | Identified the +2 pair of boots "Forioh" {Regen+ Str+4}
                  | (You bought it in a shop in a bazaar)
 44442 | Bazaar   | 44442 ||| BUYING +1 tower shield of poison resistance (135
                  | gold).
 44442 | Bazaar   | Bought a +1 tower shield of poison resistance for 135 gold
                  | pieces
 44445 | Bazaar   | 44445 ||| UPGRADING to +2 pair of boots "Forioh" {Regen+
                  | Str+4}.
 44455 | Bazaar   | 44455 ||| UPGRADING to +1 tower shield of poison
                  | resistance.
 44465 | Bazaar   | 44465 ||| DROPPING +0 tower shield of poison resistance.
 44466 | Bazaar   | 44466 ||| DROPPING +0 pair of boots "Cedgh" {Fly MP+9
                  | Str+4}.
 44467 | Bazaar   | 44467 ||| DROPPING ring of flight.
 44479 | Depths:4 | 44479 ||| PLANNING DEPTHS
 44709 | Depths:4 | Found a gate to the Realm of Zot.
 44965 | Depths:4 | Found a portal to a secret trove of treasure.
 45016 | Depths:4 | 45016 ||| PLANNING VAULTS:5
 45269 | Vaults:5 | Entered Level 5 of the Vaults
 45274 | Vaults:5 | 45274 ||| INVOKING Heroism.
 45277 | Vaults:5 | Received a gift from Okawaru
 45281 | Vaults:5 | Reached skill level 21 in Armour
 45297 | Vaults:5 | Reached skill level 21 in Shields
 45299 | Vaults:5 | Received a gift from Okawaru
 45309 | Vaults:5 | 45309 ||| STAIRDANCE
 45311 | Vaults:4 | 45311 ||| INVOKING Heroism.
 45429 | Vaults:5 | 45429 ||| INVOKING Heroism.
 45430 | Vaults:5 | 45430 ||| INVOKING Finesse.
 45461 | Vaults:5 | Noticed an ancient lich
 45479 | Vaults:5 | Reached skill level 21 in Fighting
 45486 | Vaults:5 | Noticed a golden dragon
 45492 | Vaults:5 | Noticed a dread lich
 45495 | Vaults:5 | Received a gift from Okawaru
 45497 | Vaults:5 | Killed an ancient lich
 45504 | Vaults:5 | Received a gift from Okawaru
 45515 | Vaults:5 | Killed a golden dragon
 45519 | Vaults:5 | Identified the ring of Hacu {Ice Str+4}
 45536 | Vaults:5 | Killed a dread lich
 45548 | Vaults:5 | Reached XP level 24. HP: 182/182 MP: 30/30
 45559 | Vaults:5 | Noticed a dread lich
 45565 | Vaults:5 | 45565 ||| INVOKING Heroism.
 45581 | Vaults:5 | 45581 ||| INVOKING Finesse.
 45596 | Vaults:5 | Killed a dread lich
 45597 | Vaults:5 | Reached skill level 12 in Throwing
 45611 | Vaults:5 | 45611 ||| Stepping ~*~*~tactically~*~*~ (hiding).
 45614 | Vaults:5 | 45614 ||| Stepping ~*~*~tactically~*~*~ (hiding).
 45627 | Vaults:5 | Identified the staff of conjuration "Quefae" {rElec rPois
                  | rCorr Int-5}
 45645 | Vaults:5 | 45645 ||| Stepping ~*~*~tactically~*~*~ (hiding).
 45646 | Vaults:5 | 45646 ||| Stepping ~*~*~tactically~*~*~ (hiding).
 45647 | Vaults:5 | 45647 ||| INVOKING Heroism.
 45689 | Vaults:5 | Noticed a dread lich
 45690 | Vaults:5 | 45690 ||| INVOKING Finesse.
 45694 | Vaults:5 | Killed a dread lich
 45772 | Vaults:5 | Identified the +9 scimitar "Undertaker" {distort, rF+ rC+
                  | Dex-2}
 45773 | Vaults:5 | 45773 ||| Stepping ~*~*~tactically~*~*~ (hiding).
 45778 | Vaults:5 | 45778 ||| INVOKING Heroism.
 45781 | Vaults:5 | Received a gift from Okawaru
 45864 | Vaults:5 | 45864 ||| Stepping ~*~*~tactically~*~*~ (hiding).
 45865 | Vaults:5 | 45865 ||| Stepping ~*~*~tactically~*~*~ (hiding).
 45866 | Vaults:5 | 45866 ||| Stepping ~*~*~tactically~*~*~ (hiding).
 45931 | Vaults:5 | 45931 ||| Stepping ~*~*~tactically~*~*~ (hiding).
 45937 | Vaults:5 | 45937 ||| INVOKING Heroism.
 45965 | Vaults:5 | 45965 ||| Stepping ~*~*~tactically~*~*~ (hiding).
 45983 | Vaults:5 | Found Rattugh's Distillery.
 45988 | Vaults:5 | Identified the +4 war axe "Wefud" {antimagic, rC+}
 45990 | Vaults:5 | 45990 ||| BUYING potion of curing (36 gold).
 45990 | Vaults:5 | Bought a potion of curing for 36 gold pieces
 45990 | Vaults:5 | 45990 ||| BUYING potion of curing (36 gold).
 45990 | Vaults:5 | Bought a potion of curing for 36 gold pieces
 45990 | Vaults:5 | 45990 ||| BUYING potion of haste (120 gold).
 45990 | Vaults:5 | Bought a potion of haste for 120 gold pieces
 45990 | Vaults:5 | 45990 ||| BUYING potion of haste (120 gold).
 45990 | Vaults:5 | Bought a potion of haste for 120 gold pieces
 45990 | Vaults:5 | 45990 ||| BUYING potion of lignification (36 gold).
 45990 | Vaults:5 | Bought a potion of lignification for 36 gold pieces
 46032 | Vaults:5 | 46032 ||| Stepping ~*~*~tactically~*~*~ (stealth).
 46047 | Vaults:5 | 46047 ||| READING scroll of enchant weapon.
 46047 | Vaults:5 | 46047 ||| ENCHANTING +6 vampiric broad axe.
 46066 | Vaults:5 | Got a silver rune of Zot
 46078 | Vaults:5 | Identified the +0 pair of gloves "Voarch" {Harm rF- Str+3}
 46149 | Vaults:5 | 46149 ||| Stepping ~*~*~tactically~*~*~ (hiding).
 46172 | Vaults:5 | 46172 ||| Stepping ~*~*~tactically~*~*~ (hiding).
 46280 | Vaults:5 | Identified the ring "Kiycruzy" {MP+9 Str+3}
 46414 | Vaults:5 | 46414 ||| Stepping ~*~*~tactically~*~*~ (stealth).
 46457 | Vaults:5 | 46457 ||| Stepping ~*~*~tactically~*~*~ (hiding).
 46458 | Vaults:5 | 46458 ||| Stepping ~*~*~tactically~*~*~ (hiding).
 46460 | Vaults:5 | 46460 ||| Stepping ~*~*~tactically~*~*~ (hiding).
 46461 | Vaults:5 | 46461 ||| Stepping ~*~*~tactically~*~*~ (hiding).
 46463 | Vaults:5 | 46463 ||| INVOKING Heroism.
 46503 | Vaults:5 | Identified the staff of fire "Amac" {rF+ rC+}
 46504 | Vaults:5 | Identified the +7 arbalest of Patterns {drain, rPois Int+3}
 46564 | Vaults:5 | Received a gift from Okawaru
 46776 | Vaults:5 | 46776 ||| PLANNING SHOPPING SPREE
 46776 | Vaults:5 | 46776 ||| DROPPING +0 pair of gloves "Voarch" {Harm rF-
                  | Str+3}.
 46777 | Vaults:5 | 46777 ||| DROPPING ring "Kiycruzy" {MP+9 Str+3}.
 46778 | Vaults:5 | 46778 ||| PLANNING ZOT:1-4
 47047 | Zot:1    | Entered Level 1 of the Realm of Zot
 47119 | Zot:1    | 47119 ||| INVOKING Heroism.
 47120 | Zot:1    | 47120 ||| Stepping ~*~*~tactically~*~*~ (hiding).
 47264 | Zot:1    | Reached skill level 22 in Fighting
 47348 | Zot:1    | 47348 ||| Stepping ~*~*~tactically~*~*~ (hiding).
 47365 | Zot:1    | Received a gift from Okawaru
 47376 | Zot:1    | 47376 ||| Stepping ~*~*~tactically~*~*~ (hiding).
 47378 | Zot:1    | 47378 ||| Stepping ~*~*~tactically~*~*~ (hiding).
 47380 | Zot:1    | 47380 ||| Stepping ~*~*~tactically~*~*~ (hiding).
 47384 | Zot:1    | 47384 ||| FLEEEEING.
 47385 | Zot:1    | 47385 ||| FLEEEEING.
 47386 | Zot:1    | 47386 ||| FLEEEEING.
 47387 | Zot:1    | 47387 ||| FLEEEEING.
 47413 | Zot:1    | 47413 ||| FLEEEEING.
 47414 | Zot:1    | 47414 ||| FLEEEEING.
 47415 | Zot:1    | 47415 ||| FLEEEEING.
 47416 | Zot:1    | 47416 ||| FLEEEEING.
 47417 | Zot:1    | 47417 ||| FLEEEEING.
 47418 | Zot:1    | 47418 ||| FLEEEEING.
 47419 | Zot:1    | 47419 ||| FLEEEEING.
 47420 | Zot:1    | 47420 ||| FLEEEEING.
 47421 | Zot:1    | 47421 ||| FLEEEEING.
 47422 | Zot:1    | 47422 ||| FLEEEEING.
 47423 | Zot:1    | 47423 ||| FLEEEEING.
 47424 | Zot:1    | 47424 ||| FLEEEEING.
 47584 | Zot:1    | 47584 ||| INVOKING Heroism.
 47584 | Zot:1    | Noticed a Killer Klown
 47585 | Zot:1    | 47585 ||| INVOKING Finesse.
 47595 | Zot:1    | Noticed a curse toe
 47620 | Zot:1    | Killed a Killer Klown
 47626 | Zot:1    | Killed a curse toe
 47631 | Zot:1    | Noticed an orb of fire
 47632 | Zot:1    | 47632 ||| DRINKING 3 potions of resistance.
 47664 | Zot:1    | Killed an orb of fire
 47664 | Zot:1    | Received a gift from Okawaru
 47689 | Zot:1    | 47689 ||| INVOKING Heroism.
 47817 | Zot:1    | Received a gift from Okawaru
 47899 | Zot:1    | Received a gift from Okawaru
 47988 | Zot:1    | 47988 ||| Stepping ~*~*~tactically~*~*~ (hiding).
 47989 | Zot:1    | 47989 ||| Stepping ~*~*~tactically~*~*~ (hiding).
 47991 | Zot:1    | 47991 ||| Stepping ~*~*~tactically~*~*~ (hiding).
 48012 | Zot:1    | Reached XP level 25. HP: 192/192 MP: 30/30
 48134 | Zot:2    | 48134 ||| INVOKING Heroism.
 48135 | Zot:2    | Identified the +0 plate armour of Voblu {rF+ rN+++ Str-5
                  | Slay+3} (Okawaru gifted it to you on level 2 of the Realm
                  | of Zot)
 48135 | Zot:2    | Received a gift from Okawaru
 48200 | Zot:2    | 48200 ||| Stepping ~*~*~tactically~*~*~ (hiding).
 48249 | Zot:2    | 48249 ||| Stepping ~*~*~tactically~*~*~ (hiding).
 48278 | Zot:2    | Reached skill level 23 in Fighting
 48300 | Zot:2    | Found a transporter.
 48313 | Zot:2    | Found a transporter.
 48574 | Zot:2    | Found a transporter.
 48585 | Zot:2    | Found a transporter.
 48657 | Zot:2    | Found a transporter.
 48664 | Zot:2    | 48664 ||| Stepping ~*~*~tactically~*~*~ (stealth).
 48699 | Zot:2    | 48699 ||| Stepping ~*~*~tactically~*~*~ (hiding).
 48701 | Zot:2    | 48701 ||| Stepping ~*~*~tactically~*~*~ (hiding).
 48778 | Zot:2    | Found a transporter.
 49020 | Zot:2    | 49020 ||| DROPPING +2 hat.
 49029 | Zot:3    | You are sucked into a shaft and drop 1 floor!
 49041 | Zot:4    | 49041 ||| INVOKING Heroism.
 49062 | Zot:4    | Reached skill level 12 in Dodging
 49228 | Zot:3    | Noticed a Killer Klown
 49229 | Zot:3    | 49229 ||| INVOKING Heroism.
 49230 | Zot:3    | 49230 ||| INVOKING Finesse.
 49246 | Zot:3    | Killed a Killer Klown
 49303 | Zot:3    | 49303 ||| INVOKING Heroism.
 49312 | Zot:3    | Received a gift from Okawaru
 49495 | Zot:3    | 49495 ||| READING scroll of enchant weapon.
 49495 | Zot:3    | 49495 ||| ENCHANTING +7 vampiric broad axe.
 49545 | Zot:3    | 49545 ||| Stepping ~*~*~tactically~*~*~ (hiding).
 49674 | Zot:3    | Found the +4 dragonskin cloak
 49674 | Zot:3    | Noticed Tiamat
 49675 | Zot:3    | 49675 ||| INVOKING Heroism.
 49678 | Zot:3    | 49678 ||| INVOKING Finesse.
 49721 | Zot:3    | Received a gift from Okawaru
 49739 | Zot:3    | Slain by Tiamat

Levels and vault maps discovered:
D:1:      wheals_arrival_linesprint, layout_loops_ring,
          minmay_misc_feat_nine_boxes
D:2:      layout_loops_ring
D:3:      layout_loops_corners, ebering_ecumenical_altar_hall
D:4:      layout_loops_ring, st_stairs_14, hangedman_decor_lopped
D:5:      lemuel_castle_with_subvaults [lemuel_castle_interior_carwin_2],
          layout_loops_ring, mainiacjoe_overflow_swirl, minmay_manual_mares
D:6:      layout_loops_cross, grunt_gozag_breadcrumbs,
          kennysheep_generic_room_10
D:7:      layout_rooms, minmay_temple_entry_large_hall, minivault_25,
          chequers_hall_statues_corner_a, uniq_maggie
D:8:      minmay_the_grid_square_5x5_3x3 [minmay_the_grid_square_5x5_shuriken,
          minmay_the_grid_square_5x5_inner_z,
          minmay_the_grid_square_5x5_n_small,
          minmay_the_grid_square_5x5_longway,
          minmay_the_grid_square_5x5_megaprize_diamond,
          minmay_the_grid_square_5x5_fancy_junction,
          minmay_the_grid_square_5x5_inset,
          minmay_the_grid_square_5x5_beaten_path,
          minmay_the_grid_square_5x5_spiral_small], layout_cave_pods,
          enter_bailey_4, lightli_ossuary_entry_decrepit_ruins,
          dreamdust_gnoll_shepherd
D:9:      layout_roguey, lemuel_crystal_altar, mainiacjoe_overflow_alcove_3,
          gammafunk_ghost_split, reono_crystal_passage
D:10:     layout_loops_cross, nicolae_uskayaw_dance_studio,
          mainiacjoe_overflow_large_starburst, david_orc_5, uniq_psyche
D:11:     layout_loops_cross, lair_entry_dummy, kennysheep_generic_room_13
D:12:     layout_basic, uniq_rupert, uniq_kirke, uniq_jorgrun, uniq_azrael,
          uniq_nergalle
D:13:     minmay_triangles_in_corner, layout_basic, uniq_erolcha
D:14:     layout_gridville, skrybe_vaults_entry_preservation,
          infiniplex_staircase_pillars_2, onia_ninara_dug_in_and_dangerous,
          uniq_snorg
D:15:     grunt_enter_depths_magical_seal, layout_rooms,
          small_statue_intersection, serial_shops, nicolae_shop_peninsula,
          maelrawn_ghost_gauntlet_escape, minmay_misc_feat_iff, uniq_roxanne
Temple:   jpeg_temple_clearing
Lair:1:   layout_cave_pods, grunt_megastairs_4, serial_bayou_shore_a
Lair:2:   layout_roguey, minmay_swamp_entry_reptiles,
          chequers_serial_rivers_micro_c
Lair:3:   layout_gridlike, nicolae_snake_entry_squirm, uniq_prince_ribbit2
Lair:4:   layout_roguey, slime_entry_1
Lair:5:   due_jungle_book, layout_long_grid, grunt_megastairs_1,
          infiniplex_staircase_pool
Swamp:1:  nicolae_swamp_ascending_descending, layout_falls_marsh,
          evilmike_swamp_ruin_rubble_2, swamp_pool3, hangedman_swamp_blocks,
          infiniplex_staircase_pool_2, uniq_mlioglotl
Swamp:2:  layout_falls_marsh, nicolae_swamp_orc_logging_accident
Swamp:3:  layout_falls_marsh, evilmike_swamp_ruin_rubble_1
Swamp:4:  byrel_swamp_growth_death_and_undeath, layout_basic_swamp
Snake:1:  layout_honeycomb, minmay_shop_star, uniq_josephine
Snake:2:  layout_misc_corridors, uniq_donald
Snake:3:  layout_grid_maze, nicolae_snake_gridmaze_waves
Snake:4:  grunt_snake_rune_pools, layout_onion, nicolae_shop_overcharged_wands
Orc:1:    layout_caves
Orc:2:    st_orc_open, layout_diamond_mine, uniq_nessos
Vaults:1: mu_enter_wizlab_3, nicolae_vaults_security_offices_6,
          nicolae_vaults_tangram_2, hangedman_vaults_river_flow,
          nicolae_vaults_sesquioval_fish, v_pattern_4, vaults_room_corners,
          nicolae_vaults_rhombus_5, nicolae_vaults_yaktaur_gun_rack,
          nicolae_vaults_mini_display_case, nicolae_vaults_tetromino_L_2,
          vaults_dpeg_emergency_exit, v_misc_15,
          nicolae_vaults_little_squares_6, nicolae_vaults_specimen_jars,
          layout_vaults_ring, serial_shops, nicolae_shop_drivethru
Vaults:2: nicolae_vaults_wrenched, nicolae_vaults_three_branches,
          nicolae_vaults_layer_cake_slice, nicolae_vaults_cornered_office,
          minmay_crypt_entry_simple_sparse, ontoclasm_vaults_echo,
          ontoclasm_vaults_claustrophobia, nicolae_vaults_little_squares_3,
          dpeg_vaults_monster_row, nicolae_vaults_shelves_hall,
          hangedman_vaults_maws, ontoclasm_vaults_decontamination,
          ontoclasm_vaults_ring_small, nicolae_vaults_angled_halls,
          nicolae_vaults_little_squares_5, layout_vaults_maze, uniq_mara,
          uniq_margery
Vaults:3: vaults_room_ringed_pool, nicolae_vaults_layer_cake_slice,
          vaults_room_fancy_cross, nicolae_vaults_little_squares_5,
          nicolae_vaults_rhombus_7, v_misc_26, vaults_room_door_hall,
          layout_vaults_omnigrid, serial_shops, shop
Vaults:4: portal_desolation_entry_garden, hangedman_vaults_snaps,
          v_alt_pattern_6, hangedman_vaults_pinch, grunt_tower_of_power,
          nicolae_vaults_two_Ls, nicolae_vaults_house_3,
          nicolae_vaults_closet_pinwheel_5, nicolae_vaults_turnstiles,
          vaults_room_semicircle, v_misc_12, vaults_room_pool,
          nicolae_vaults_diamond_1, layout_vaults_chaotic_city, serial_shops,
          shop
Vaults:5
Depths:1: layout_roguey [special_room_mythical_zoo],
          nicolae_abyss_entry_one_way_or_another, serial_bayou_pond_a,
          hell_entry, zin_purify
Depths:2: hangedman_arrow_trap, layout_gridville, enter_ziggurat_e, pan_entry,
          abyss_entry_flame_altar, lemuel_statue_altar, hell_entry,
          serial_shops, nicolae_shop_tiny_real_fake_doors
Depths:3: minmay_complete_graph, layout_basic, lightli_too_deep, abyss_entry,
          serial_bayou_pond_c, slow_altar_2
Depths:4: grunt_zot_entry_alcove, layout_cave_pools, grunt_hell_entry_dis_mu,
          serial_co_window_serial, co_window_paths_a, co_window_corner_a,
          co_window_paths_a, co_window_paths_b, co_window_corner_a,
          co_window_corner_cb, co_window_corner_b, co_window_2corner,
          co_window_corner_b, co_window_corner_b, glass_columns_b,
          glass_columns_a, glass_columns_c, glass_columns_b, glass_columns_b,
          enter_trove_5, serial_shops, bzr_entry_dummy, abyss_entry
Zot:1:    grunt_zot_stairs_mandelzot, layout_cellular_growth
Zot:2:    gammafunk_sealed_arena, layout_gridlike,
          nicolae_transporter_intersection
Zot:3:    kennysheep_bubbly, layout_misc_corridors, uniq_tiamat
Zot:4:    layout_onion_interference, st_stairs_4

Skill      XL: |  1  2  3  4  5  6  7  8  9 10 11 12 13 14 15 16 17 18 19 20 21 22 23 24 25 |
---------------+----------------------------------------------------------------------------+-----
Axes           | 2 3 4 5 6 7 8 9 10 11 12 13 15 16 18 | 18.0
Fighting       | 4 5 6 8 9 10 11 12 14 15 17 18 19 21 22 23 | 23.9
Dodging        | 1 2 3 4 5 6 7 9 10 11 12 | 12.0
Shields        | 6 8 9 10 11 12 13 14 15 18 19 20 21 22 | 22.0
Throwing       | 1 4 7 10 11 13 | 13.0
Armour         | 6 7 8 9 10 11 13 15 17 18 19 20 22 | 22.1
Invocations    | 4 7 10 | 10.0

Action                     |  1- 3 |  4- 6 |  7- 9 | 10-12 | 13-15 | 16-18 | 19-21 | 22-24 | 25-27 || total
---------------------------+-------+-------+-------+-------+-------+-------+-------+-------+-------++-------
  Melee: War axe           |    95 |    84 |   247 |   330 |   770 |  1055 |   634 |       |       ||  3215
         Flail             |       |       |       |       |     5 |       |       |       |       ||     5
         Broad axe         |       |       |       |       |       |       |   689 |  1259 |   392 ||  2340
  Throw: Boomerang         |       |       |    19 |    63 |    62 |   164 |    24 |       |       ||   332
         Javelin           |       |       |       |       |    86 |     4 |    57 |    42 |    15 ||   204
 Invoke: Heroism           |       |       |       |    17 |    26 |    40 |    22 |    20 |     5 ||   130
         Finesse           |       |       |       |     4 |     8 |     8 |     7 |    10 |     2 ||    39
    Use: Scroll            |     3 |    10 |     6 |     6 |     6 |     3 |     5 |     4 |     1 ||    44
         Potion            |     3 |     4 |     2 |     2 |     1 |     1 |     6 |     1 |       ||    20
   Stab: Distracted        |       |       |       |     4 |    21 |    31 |    13 |     1 |       ||    70
 Armour: Scale mail        |    51 |    49 |    70 |       |       |       |       |       |       ||   170
         Chain mail        |       |       |    33 |       |       |       |       |       |       ||    33
         Plate armour      |       |       |    21 |   150 |   200 |       |       |       |       ||   371
         Gold dragon scale |       |       |       |       |    74 |   440 |   606 |   416 |   219 ||  1755
  Dodge: Dodged            |    54 |    35 |    66 |    63 |   112 |   155 |   261 |   451 |   215 ||  1412
  Block: Buckler           |    17 |    20 |    15 |       |       |       |       |       |       ||    52
         Kite shield       |       |       |    58 |   154 |   287 |   268 |       |       |       ||   767
         Tower shield      |       |       |       |       |       |   300 |  1188 |  1089 |   420 ||  2997

Table legend:
 A = Non-vault XP
 B = Vault XP
 C = Vault XP percentage of total XP
 D = Non-vault monster count
 E = Vault monster count
 F = Vault count percentage of total count
                 A         B        C        D         E       F
            +---------+---------+-------+---------+---------+-------
      Total |  603955 |  454717 |  43.0 |    1225 |     643 |  34.4
            +---------+---------+-------+---------+---------+-------
        D:1 |      37 |       0 |   0.0 |      21 |       0 |   0.0
        D:2 |      60 |       0 |   0.0 |      18 |       0 |   0.0
        D:3 |      88 |       0 |   0.0 |      18 |       0 |   0.0
        D:4 |     192 |       2 |   1.0 |      17 |       1 |   5.6
        D:5 |     648 |     736 |  53.2 |      20 |      49 |  71.0
        D:6 |    1779 |      96 |   5.1 |      28 |       1 |   3.4
        D:7 |     672 |     395 |  37.0 |      15 |       1 |   6.2
        D:8 |    1821 |    6404 |  77.9 |      21 |      30 |  58.8
        D:9 |    3216 |       0 |   0.0 |      25 |       0 |   0.0
       D:10 |    1788 |    1032 |  36.6 |      16 |      26 |  61.9
       D:11 |    5679 |     596 |   9.5 |      21 |       2 |   8.7
       D:12 |    5557 |    8797 |  61.3 |      19 |      16 |  45.7
       D:13 |    5778 |    9535 |  62.3 |      15 |      17 |  53.1
       D:14 |    5175 |    6907 |  57.2 |      15 |      10 |  40.0
       D:15 |    2241 |    6355 |  73.9 |       6 |      11 |  64.7
     Lair:1 |    2696 |       0 |   0.0 |      14 |       0 |   0.0
     Lair:2 |    7047 |     479 |   6.4 |      33 |       4 |  10.8
     Lair:3 |    3000 |    1270 |  29.7 |      17 |       6 |  26.1
     Lair:4 |   11578 |       0 |   0.0 |      51 |       0 |   0.0
     Lair:5 |   16404 |   14172 |  46.4 |      49 |      33 |  40.2
    Swamp:1 |   13872 |    1816 |  11.6 |      24 |       1 |   4.0
    Swamp:2 |    5712 |       0 |   0.0 |      11 |       0 |   0.0
    Swamp:3 |    6206 |       0 |   0.0 |      17 |       0 |   0.0
    Swamp:4 |   15021 |   24444 |  61.9 |      26 |      44 |  62.9
    Snake:1 |   14541 |    1733 |  10.6 |      34 |       5 |  12.8
    Snake:2 |    9842 |    1371 |  12.2 |      22 |       1 |   4.3
    Snake:3 |   25063 |       0 |   0.0 |      51 |       0 |   0.0
    Snake:4 |   40387 |   20778 |  34.0 |      85 |      33 |  28.0
      Orc:1 |    1887 |       0 |   0.0 |      15 |       0 |   0.0
      Orc:2 |    3248 |   15793 |  82.9 |      41 |      38 |  48.1
   Vaults:1 |   18268 |   21263 |  53.8 |      35 |      26 |  42.6
   Vaults:2 |   40407 |   23860 |  37.1 |      55 |      24 |  30.4
   Vaults:3 |   25812 |    2781 |   9.7 |      35 |       6 |  14.6
   Vaults:4 |   35782 |   31224 |  46.6 |      56 |      36 |  39.1
   Vaults:5 |   35342 |  116641 |  76.7 |      49 |      97 |  66.4
   Depths:1 |   24387 |   21788 |  47.2 |      27 |      27 |  50.0
   Depths:2 |   25079 |   11855 |  32.1 |      26 |      12 |  31.6
   Depths:3 |   44650 |   40922 |  47.8 |      56 |      29 |  34.1
   Depths:4 |   22848 |   19526 |  46.1 |      19 |      21 |  52.5
      Zot:1 |   38036 |   29242 |  43.5 |      33 |      25 |  43.1
      Zot:2 |   37590 |       0 |   0.0 |      33 |       0 |   0.0
      Zot:3 |   17639 |    9380 |  34.7 |      13 |       9 |  40.9
      Zot:4 |   26880 |    3524 |  11.6 |      23 |       2 |   8.0
            +---------+---------+-------+---------+---------+-------
